Workbook

Sheet Interclubs2023
A2: Interclubs Seniors
A4: Lieu : | F4: Club : | M4: Châteauroux | O4: UNION SPORTIVE D AVORD* | R4: 100 m
M5: Gien | O5: VIERZON-VIGNOUX-FOECY ATHLE* | R5: 200 m
E6: Equipe n° | M6: Saint-Pierre des Corps | O6: BOURGES ENTENTE ATHLETISME* | R6: 400 m
O7: AAEE EPERNON | R7: 800 m
C8: JURY | M8: Courses | O8: AS NOGENT-LE-ROTROU
M9: Sauts | O9: ES JOUY ST-PREST ATHLETISME
C10: N° Licence | D10: NOM | E10: PRENOM | F10: SPECIALITE | G10: NIVEAU | M10: Lancers | O10: OC CHATEAUDUN BONNEVAL A.*
D11: =IF(C11<>"",VLOOKUP(C11,Licenciés!A:D,2,FALSE),"") | E11: =IF(C11<>"",VLOOKUP(C11,Licenciés!A:D,3,FALSE),"") | M11: Starter | O11: AC CLOYES
D12: =IF(C12<>"",VLOOKUP(C12,Licenciés!A:D,2,FALSE),"") | E12: =IF(C12<>"",VLOOKUP(C12,Licenciés!A:D,3,FALSE),"") | M12: Marche | O12: ES MAINTENON PIERRES ATHLE.
D13: =IF(C13<>"",VLOOKUP(C13,Licenciés!A:D,2,FALSE),"") | E13: =IF(C13<>"",VLOOKUP(C13,Licenciés!A:D,3,FALSE),"") | M13: Chrono | O13: ATHLE CHARTRES LUCE ASPTT MAINVILLIERS
D14: =IF(C14<>"",VLOOKUP(C14,Licenciés!A:D,2,FALSE),"") | E14: =IF(C14<>"",VLOOKUP(C14,Licenciés!A:D,3,FALSE),"") | M14: Juge Arbitre | O14: ETOILE DREUX ATHLETIC CLUB
D15: =IF(C15<>"",VLOOKUP(C15,Licenciés!A:D,2,FALSE),"") | E15: =IF(C15<>"",VLOOKUP(C15,Licenciés!A:D,3,FALSE),"") | M15: Secrétariat Informatique | O15: LA BERRICHONNE CHATEAUROUX ATHLETIC CLUB*
D16: =IF(C16<>"",VLOOKUP(C16,Licenciés!A:D,2,FALSE),"") | E16: =IF(C16<>"",VLOOKUP(C16,Licenciés!A:D,3,FALSE),"") | O16: EA ISSOUDUN
D17: =IF(C17<>"",VLOOKUP(C17,Licenciés!A:D,2,FALSE),"") | E17: =IF(C17<>"",VLOOKUP(C17,Licenciés!A:D,3,FALSE),"") | M17: Fédéral | O17: AVENIR AMBOISE ATHLETISME
M18: Régional | O18: CA CHINON
A19: Féminines | F19: Masculins | M19: Autre | O19: REVEIL SPORTIF DE ST CYR/LOIRE | R19: 1 500 m
A20: Epreuves | B20: Ordre | C20: N° Licence | D20: NOM | E20: PRENOM | F20: Epreuves | G20: Ordre | H20: N° Licence | I20: NOM | J20: PRENOM | O20: ATHLETIC TROIS TOURS* | R20: 3 000 m
A21: 100 m | B21: 1 | D21: =IF(C21<>"",VLOOKUP(C21,Licenciés!A:C,2,FALSE),"") | E21: =IF(C21<>"",VLOOKUP(C21,Licenciés!A:C,3,FALSE),"") | F21: 100 m | G21: 1 | I21: =IF(H21<>"",VLOOKUP(H21,Licenciés!A:C,2,FALSE),"") | J21: =IF(H21<>"",VLOOKUP(H21,Licenciés!A:C,3,FALSE),"") | K21: =IF((VLOOKUP(C21,Licenciés!A:X,8,FALSE)="COMP"),1,0) -> #N/A | L21: =IF((VLOOKUP(H21,Licenciés!A:X,8,FALSE)="COMP"),1,0) -> #N/A | O21: AS FONDETTES | R21: Haies Hautes
B22: 2 | D22: =IF(C22<>"",VLOOKUP(C22,Licenciés!A:C,2,FALSE),"") | E22: =IF(C22<>"",VLOOKUP(C22,Licenciés!A:C,3,FALSE),"") | G22: 2 | I22: =IF(H22<>"",VLOOKUP(H22,Licenciés!A:C,2,FALSE),"") | J22: =IF(H22<>"",VLOOKUP(H22,Licenciés!A:C,3,FALSE),"") | K22: =IF((VLOOKUP(C22,Licenciés!A:X,8,FALSE)="COMP"),1,0) -> #N/A | L22: =IF((VLOOKUP(H22,Licenciés!A:X,8,FALSE)="COMP"),1,0) -> #N/A | O22: SAINT PIERRE-MONTLOUIS ATHLE* | R22: Haies Basses
A23: 200 m | B23: 1 | D23: =IF(C23<>"",VLOOKUP(C23,Licenciés!A:C,2,FALSE),"") | E23: =IF(C23<>"",VLOOKUP(C23,Licenciés!A:C,3,FALSE),"") | F23: 200 m | G23: 1 | I23: =IF(H23<>"",VLOOKUP(H23,Licenciés!A:C,2,FALSE),"") | J23: =IF(H23<>"",VLOOKUP(H23,Licenciés!A:C,3,FALSE),"") | K23: =IF((VLOOKUP(C23,Licenciés!A:X,8,FALSE)="COMP"),1,0) -> #N/A | L23: =IF((VLOOKUP(H23,Licenciés!A:X,8,FALSE)="COMP"),1,0) -> #N/A | O23: JOUE LES TOURS ATHLETISME | R23: Marche
B24: 2 | D24: =IF(C24<>"",VLOOKUP(C24,Licenciés!A:C,2,FALSE),"") | E24: =IF(C24<>"",VLOOKUP(C24,Licenciés!A:C,3,FALSE),"") | G24: 2 | I24: =IF(H24<>"",VLOOKUP(H24,Licenciés!A:C,2,FALSE),"") | J24: =IF(H24<>"",VLOOKUP(H24,Licenciés!A:C,3,FALSE),"") | K24: =IF((VLOOKUP(C24,Licenciés!A:X,8,FALSE)="COMP"),1,0) -> #N/A | L24: =IF((VLOOKUP(H24,Licenciés!A:X,8,FALSE)="COMP"),1,0) -> #N/A | O24: JOUE RUNNING 37 | R24: Hauteur
A25: 400 m | B25: 1 | D25: =IF(C25<>"",VLOOKUP(C25,Licenciés!A:C,2,FALSE),"") | E25: =IF(C25<>"",VLOOKUP(C25,Licenciés!A:C,3,FALSE),"") | F25: 400 m | G25: 1 | I25: =IF(H25<>"",VLOOKUP(H25,Licenciés!A:C,2,FALSE),"") | J25: =IF(H25<>"",VLOOKUP(H25,Licenciés!A:C,3,FALSE),"") | K25: =IF((VLOOKUP(C25,Licenciés!A:X,8,FALSE)="COMP"),1,0) -> #N/A | L25: =IF((VLOOKUP(H25,Licenciés!A:X,8,FALSE)="COMP"),1,0) -> #N/A | O25: AJ BLOIS-ONZAIN | R25: Perche
B26: 2 | D26: =IF(C26<>"",VLOOKUP(C26,Licenciés!A:C,2,FALSE),"") | E26: =IF(C26<>"",VLOOKUP(C26,Licenciés!A:C,3,FALSE),"") | G26: 2 | I26: =IF(H26<>"",VLOOKUP(H26,Licenciés!A:C,2,FALSE),"") | J26: =IF(H26<>"",VLOOKUP(H26,Licenciés!A:C,3,FALSE),"") | K26: =IF((VLOOKUP(C26,Licenciés!A:X,8,FALSE)="COMP"),1,0) -> #N/A | L26: =IF((VLOOKUP(H26,Licenciés!A:X,8,FALSE)="COMP"),1,0) -> #N/A | O26: AC ROMORANTIN | R26: Longueur
A27: 800 m | B27: 1 | D27: =IF(C27<>"",VLOOKUP(C27,Licenciés!A:C,2,FALSE),"") | E27: =IF(C27<>"",VLOOKUP(C27,Licenciés!A:C,3,FALSE),"") | F27: 800 m | G27: 1 | I27: =IF(H27<>"",VLOOKUP(H27,Licenciés!A:C,2,FALSE),"") | J27: =IF(H27<>"",VLOOKUP(H27,Licenciés!A:C,3,FALSE),"") | K27: =IF((VLOOKUP(C27,Licenciés!A:X,8,FALSE)="COMP"),1,0) -> #N/A | L27: =IF((VLOOKUP(H27,Licenciés!A:X,8,FALSE)="COMP"),1,0) -> #N/A | O27: VINEUIL SPORTS | R27: Triple-Saut
B28: 2 | D28: =IF(C28<>"",VLOOKUP(C28,Licenciés!A:C,2,FALSE),"") | E28: =IF(C28<>"",VLOOKUP(C28,Licenciés!A:C,3,FALSE),"") | G28: 2 | I28: =IF(H28<>"",VLOOKUP(H28,Licenciés!A:C,2,FALSE),"") | J28: =IF(H28<>"",VLOOKUP(H28,Licenciés!A:C,3,FALSE),"") | K28: =IF((VLOOKUP(C28,Licenciés!A:X,8,FALSE)="COMP"),1,0) -> #N/A | L28: =IF((VLOOKUP(H28,Licenciés!A:X,8,FALSE)="COMP"),1,0) -> #N/A | O28: ENTENTE VENDOME MAROLLES ATHLETISME * | R28: Poids
A29: 1 500m | B29: 1 | D29: =IF(C29<>"",VLOOKUP(C29,Licenciés!A:C,2,FALSE),"") | E29: =IF(C29<>"",VLOOKUP(C29,Licenciés!A:C,3,FALSE),"") | F29: 1 500m | G29: 1 | I29: =IF(H29<>"",VLOOKUP(H29,Licenciés!A:C,2,FALSE),"") | J29: =IF(H29<>"",VLOOKUP(H29,Licenciés!A:C,3,FALSE),"") | K29: =IF((VLOOKUP(C29,Licenciés!A:X,8,FALSE)="COMP"),1,0) -> #N/A | L29: =IF((VLOOKUP(H29,Licenciés!A:X,8,FALSE)="COMP"),1,0) -> #N/A | O29: CAM VALLEE DU CHER-CONTROIS | R29: Disque
B30: 2 | D30: =IF(C30<>"",VLOOKUP(C30,Licenciés!A:C,2,FALSE),"") | E30: =IF(C30<>"",VLOOKUP(C30,Licenciés!A:C,3,FALSE),"") | G30: 2 | I30: =IF(H30<>"",VLOOKUP(H30,Licenciés!A:C,2,FALSE),"") | J30: =IF(H30<>"",VLOOKUP(H30,Licenciés!A:C,3,FALSE),"") | K30: =IF((VLOOKUP(C30,Licenciés!A:X,8,FALSE)="COMP"),1,0) -> #N/A | L30: =IF((VLOOKUP(H30,Licenciés!A:X,8,FALSE)="COMP"),1,0) -> #N/A | O30: A.M.O. MER | R30: Marteau
A31: 3 000 m | B31: 1 | D31: =IF(C31<>"",VLOOKUP(C31,Licenciés!A:C,2,FALSE),"") | E31: =IF(C31<>"",VLOOKUP(C31,Licenciés!A:C,3,FALSE),"") | F31: 3000 m | G31: 1 | I31: =IF(H31<>"",VLOOKUP(H31,Licenciés!A:C,2,FALSE),"") | J31: =IF(H31<>"",VLOOKUP(H31,Licenciés!A:C,3,FALSE),"") | K31: =IF((VLOOKUP(C31,Licenciés!A:X,8,FALSE)="COMP"),1,0) -> #N/A | L31: =IF((VLOOKUP(H31,Licenciés!A:X,8,FALSE)="COMP"),1,0) -> #N/A | O31: SARAN LOIRET ATHLETIC CLUB | R31: Javelot
B32: 2 | D32: =IF(C32<>"",VLOOKUP(C32,Licenciés!A:C,2,FALSE),"") | E32: =IF(C32<>"",VLOOKUP(C32,Licenciés!A:C,3,FALSE),"") | G32: 2 | I32: =IF(H32<>"",VLOOKUP(H32,Licenciés!A:C,2,FALSE),"") | J32: =IF(H32<>"",VLOOKUP(H32,Licenciés!A:C,3,FALSE),"") | K32: =IF((VLOOKUP(C32,Licenciés!A:X,8,FALSE)="COMP"),1,0) -> #N/A | L32: =IF((VLOOKUP(H32,Licenciés!A:X,8,FALSE)="COMP"),1,0) -> #N/A | O32: EC ORLEANS CERCLE JULES FERRY* | R32: Relais 4 x 100 m
A33: 100 m Haies | B33: 1 | D33: =IF(C33<>"",VLOOKUP(C33,Licenciés!A:C,2,FALSE),"") | E33: =IF(C33<>"",VLOOKUP(C33,Licenciés!A:C,3,FALSE),"") | F33: 110 m Haies | G33: 1 | I33: =IF(H33<>"",VLOOKUP(H33,Licenciés!A:C,2,FALSE),"") | J33: =IF(H33<>"",VLOOKUP(H33,Licenciés!A:C,3,FALSE),"") | K33: =IF((VLOOKUP(C33,Licenciés!A:X,8,FALSE)="COMP"),1,0) -> #N/A | L33: =IF((VLOOKUP(H33,Licenciés!A:X,8,FALSE)="COMP"),1,0) -> #N/A | O33: J3 SPORTS AMILLY* | R33: Relais 4 x 400 m
B34: 2 | D34: =IF(C34<>"",VLOOKUP(C34,Licenciés!A:C,2,FALSE),"") | E34: =IF(C34<>"",VLOOKUP(C34,Licenciés!A:C,3,FALSE),"") | G34: 2 | I34: =IF(H34<>"",VLOOKUP(H34,Licenciés!A:C,2,FALSE),"") | J34: =IF(H34<>"",VLOOKUP(H34,Licenciés!A:C,3,FALSE),"") | K34: =IF((VLOOKUP(C34,Licenciés!A:X,8,FALSE)="COMP"),1,0) -> #N/A | L34: =IF((VLOOKUP(H34,Licenciés!A:X,8,FALSE)="COMP"),1,0) -> #N/A | O34: USM MONTARGIS
A35: 400 m Haies | B35: 1 | D35: =IF(C35<>"",VLOOKUP(C35,Licenciés!A:C,2,FALSE),"") | E35: =IF(C35<>"",VLOOKUP(C35,Licenciés!A:C,3,FALSE),"") | F35: 400 m Haies | G35: 1 | I35: =IF(H35<>"",VLOOKUP(H35,Licenciés!A:C,2,FALSE),"") | J35: =IF(H35<>"",VLOOKUP(H35,Licenciés!A:C,3,FALSE),"") | K35: =IF((VLOOKUP(C35,Licenciés!A:X,8,FALSE)="COMP"),1,0) -> #N/A | L35: =IF((VLOOKUP(H35,Licenciés!A:X,8,FALSE)="COMP"),1,0) -> #N/A | O35: USM OLIVET
B36: 2 | D36: =IF(C36<>"",VLOOKUP(C36,Licenciés!A:C,2,FALSE),"") | E36: =IF(C36<>"",VLOOKUP(C36,Licenciés!A:C,3,FALSE),"") | G36: 2 | I36: =IF(H36<>"",VLOOKUP(H36,Licenciés!A:C,2,FALSE),"") | J36: =IF(H36<>"",VLOOKUP(H36,Licenciés!A:C,3,FALSE),"") | K36: =IF((VLOOKUP(C36,Licenciés!A:X,8,FALSE)="COMP"),1,0) -> #N/A | L36: =IF((VLOOKUP(H36,Licenciés!A:X,8,FALSE)="COMP"),1,0) -> #N/A | O36: GIEN ATHLE MARATHON
A37: 3 000 m Marche | B37: 1 | D37: =IF(C37<>"",VLOOKUP(C37,Licenciés!A:C,2,FALSE),"") | E37: =IF(C37<>"",VLOOKUP(C37,Licenciés!A:C,3,FALSE),"") | F37: 5 000 m Marche | G37: 1 | I37: =IF(H37<>"",VLOOKUP(H37,Licenciés!A:C,2,FALSE),"") | J37: =IF(H37<>"",VLOOKUP(H37,Licenciés!A:C,3,FALSE),"") | K37: =IF((VLOOKUP(C37,Licenciés!A:X,8,FALSE)="COMP"),1,0) -> #N/A | L37: =IF((VLOOKUP(H37,Licenciés!A:X,8,FALSE)="COMP"),1,0) -> #N/A | O37: ASSOCIATION NEUVILLE ATHLETISME
B38: 2 | D38: =IF(C38<>"",VLOOKUP(C38,Licenciés!A:C,2,FALSE),"") | E38: =IF(C38<>"",VLOOKUP(C38,Licenciés!A:C,3,FALSE),"") | G38: 2 | I38: =IF(H38<>"",VLOOKUP(H38,Licenciés!A:C,2,FALSE),"") | J38: =IF(H38<>"",VLOOKUP(H38,Licenciés!A:C,3,FALSE),"") | K38: =IF((VLOOKUP(C38,Licenciés!A:X,8,FALSE)="COMP"),1,0) -> #N/A | L38: =IF((VLOOKUP(H38,Licenciés!A:X,8,FALSE)="COMP"),1,0) -> #N/A | O38: CA DU PAYS SAUMUROIS
F39: 3 000 m steeple | G39: 1 | I39: =IF(H39<>"",VLOOKUP(H39,Licenciés!A:C,2,FALSE),"") | J39: =IF(H39<>"",VLOOKUP(H39,Licenciés!A:C,3,FALSE),"") | K39: =IF((VLOOKUP(C39,Licenciés!A:X,8,FALSE)="COMP"),1,0) -> #N/A | L39: =IF((VLOOKUP(H39,Licenciés!A:X,8,FALSE)="COMP"),1,0) -> #N/A | O39: ENTENTE SEVRE
G40: 2 | I40: =IF(H40<>"",VLOOKUP(H40,Licenciés!A:C,2,FALSE),"") | J40: =IF(H40<>"",VLOOKUP(H40,Licenciés!A:C,3,FALSE),"") | K40: =IF((VLOOKUP(C40,Licenciés!A:X,8,FALSE)="COMP"),1,0) -> #N/A | L40: =IF((VLOOKUP(H40,Licenciés!A:X,8,FALSE)="COMP"),1,0) -> #N/A
A41: Hauteur | B41: 1 | D41: =IF(C41<>"",VLOOKUP(C41,Licenciés!A:C,2,FALSE),"") | E41: =IF(C41<>"",VLOOKUP(C41,Licenciés!A:C,3,FALSE),"") | F41: Hauteur | G41: 1 | I41: =IF(H41<>"",VLOOKUP(H41,Licenciés!A:C,2,FALSE),"") | J41: =IF(H41<>"",VLOOKUP(H41,Licenciés!A:C,3,FALSE),"") | K41: =IF((VLOOKUP(C41,Licenciés!A:X,8,FALSE)="COMP"),1,0) -> #N/A | L41: =IF((VLOOKUP(H41,Licenciés!A:X,8,FALSE)="COMP"),1,0) -> #N/A
B42: 2 | D42: =IF(C42<>"",VLOOKUP(C42,Licenciés!A:C,2,FALSE),"") | E42: =IF(C42<>"",VLOOKUP(C42,Licenciés!A:C,3,FALSE),"") | G42: 2 | I42: =IF(H42<>"",VLOOKUP(H42,Licenciés!A:C,2,FALSE),"") | J42: =IF(H42<>"",VLOOKUP(H42,Licenciés!A:C,3,FALSE),"") | K42: =IF((VLOOKUP(C42,Licenciés!A:X,8,FALSE)="COMP"),1,0) -> #N/A | L42: =IF((VLOOKUP(H42,Licenciés!A:X,8,FALSE)="COMP"),1,0) -> #N/A
A43: Perche | B43: 1 | D43: =IF(C43<>"",VLOOKUP(C43,Licenciés!A:C,2,FALSE),"") | E43: =IF(C43<>"",VLOOKUP(C43,Licenciés!A:C,3,FALSE),"") | F43: Perche | G43: 1 | I43: =IF(H43<>"",VLOOKUP(H43,Licenciés!A:C,2,FALSE),"") | J43: =IF(H43<>"",VLOOKUP(H43,Licenciés!A:C,3,FALSE),"") | K43: =IF((VLOOKUP(C43,Licenciés!A:X,8,FALSE)="COMP"),1,0) -> #N/A | L43: =IF((VLOOKUP(H43,Licenciés!A:X,8,FALSE)="COMP"),1,0) -> #N/A
B44: 2 | D44: =IF(C44<>"",VLOOKUP(C44,Licenciés!A:C,2,FALSE),"") | E44: =IF(C44<>"",VLOOKUP(C44,Licenciés!A:C,3,FALSE),"") | G44: 2 | I44: =IF(H44<>"",VLOOKUP(H44,Licenciés!A:C,2,FALSE),"") | J44: =IF(H44<>"",VLOOKUP(H44,Licenciés!A:C,3,FALSE),"") | K44: =IF((VLOOKUP(C44,Licenciés!A:X,8,FALSE)="COMP"),1,0) -> #N/A | L44: =IF((VLOOKUP(H44,Licenciés!A:X,8,FALSE)="COMP"),1,0) -> #N/A
A45: Longueur | B45: 1 | D45: =IF(C45<>"",VLOOKUP(C45,Licenciés!A:C,2,FALSE),"") | E45: =IF(C45<>"",VLOOKUP(C45,Licenciés!A:C,3,FALSE),"") | F45: Longueur | G45: 1 | I45: =IF(H45<>"",VLOOKUP(H45,Licenciés!A:C,2,FALSE),"") | J45: =IF(H45<>"",VLOOKUP(H45,Licenciés!A:C,3,FALSE),"") | K45: =IF((VLOOKUP(C45,Licenciés!A:X,8,FALSE)="COMP"),1,0) -> #N/A | L45: =IF((VLOOKUP(H45,Licenciés!A:X,8,FALSE)="COMP"),1,0) -> #N/A
B46: 2 | D46: =IF(C46<>"",VLOOKUP(C46,Licenciés!A:C,2,FALSE),"") | E46: =IF(C46<>"",VLOOKUP(C46,Licenciés!A:C,3,FALSE),"") | G46: 2 | I46: =IF(H46<>"",VLOOKUP(H46,Licenciés!A:C,2,FALSE),"") | J46: =IF(H46<>"",VLOOKUP(H46,Licenciés!A:C,3,FALSE),"") | K46: =IF((VLOOKUP(C46,Licenciés!A:X,8,FALSE)="COMP"),1,0) -> #N/A | L46: =IF((VLOOKUP(H46,Licenciés!A:X,8,FALSE)="COMP"),1,0) -> #N/A
A47: Triple-Saut | B47: 1 | D47: =IF(C47<>"",VLOOKUP(C47,Licenciés!A:C,2,FALSE),"") | E47: =IF(C47<>"",VLOOKUP(C47,Licenciés!A:C,3,FALSE),"") | F47: Triple-Saut | G47: 1 | I47: =IF(H47<>"",VLOOKUP(H47,Licenciés!A:C,2,FALSE),"") | J47: =IF(H47<>"",VLOOKUP(H47,Licenciés!A:C,3,FALSE),"") | K47: =IF((VLOOKUP(C47,Licenciés!A:X,8,FALSE)="COMP"),1,0) -> #N/A | L47: =IF((VLOOKUP(H47,Licenciés!A:X,8,FALSE)="COMP"),1,0) -> #N/A
B48: 2 | D48: =IF(C48<>"",VLOOKUP(C48,Licenciés!A:C,2,FALSE),"") | E48: =IF(C48<>"",VLOOKUP(C48,Licenciés!A:C,3,FALSE),"") | G48: 2 | I48: =IF(H48<>"",VLOOKUP(H48,Licenciés!A:C,2,FALSE),"") | J48: =IF(H48<>"",VLOOKUP(H48,Licenciés!A:C,3,FALSE),"") | K48: =IF((VLOOKUP(C48,Licenciés!A:X,8,FALSE)="COMP"),1,0) -> #N/A | L48: =IF((VLOOKUP(H48,Licenciés!A:X,8,FALSE)="COMP"),1,0) -> #N/A
A49: Poids | B49: 1 | D49: =IF(C49<>"",VLOOKUP(C49,Licenciés!A:C,2,FALSE),"") | E49: =IF(C49<>"",VLOOKUP(C49,Licenciés!A:C,3,FALSE),"") | F49: Poids | G49: 1 | I49: =IF(H49<>"",VLOOKUP(H49,Licenciés!A:C,2,FALSE),"") | J49: =IF(H49<>"",VLOOKUP(H49,Licenciés!A:C,3,FALSE),"") | K49: =IF((VLOOKUP(C49,Licenciés!A:X,8,FALSE)="COMP"),1,0) -> #N/A | L49: =IF((VLOOKUP(H49,Licenciés!A:X,8,FALSE)="COMP"),1,0) -> #N/A
B50: 2 | D50: =IF(C50<>"",VLOOKUP(C50,Licenciés!A:C,2,FALSE),"") | E50: =IF(C50<>"",VLOOKUP(C50,Licenciés!A:C,3,FALSE),"") | G50: 2 | I50: =IF(H50<>"",VLOOKUP(H50,Licenciés!A:C,2,FALSE),"") | J50: =IF(H50<>"",VLOOKUP(H50,Licenciés!A:C,3,FALSE),"") | K50: =IF((VLOOKUP(C50,Licenciés!A:X,8,FALSE)="COMP"),1,0) -> #N/A | L50: =IF((VLOOKUP(H50,Licenciés!A:X,8,FALSE)="COMP"),1,0) -> #N/A
A51: Disque | B51: 1 | D51: =IF(C51<>"",VLOOKUP(C51,Licenciés!A:C,2,FALSE),"") | E51: =IF(C51<>"",VLOOKUP(C51,Licenciés!A:C,3,FALSE),"") | F51: Disque | G51: 1 | I51: =IF(H51<>"",VLOOKUP(H51,Licenciés!A:C,2,FALSE),"") | J51: =IF(H51<>"",VLOOKUP(H51,Licenciés!A:C,3,FALSE),"") | K51: =IF((VLOOKUP(C51,Licenciés!A:X,8,FALSE)="COMP"),1,0) -> #N/A | L51: =IF((VLOOKUP(H51,Licenciés!A:X,8,FALSE)="COMP"),1,0) -> #N/A
B52: 2 | D52: =IF(C52<>"",VLOOKUP(C52,Licenciés!A:C,2,FALSE),"") | E52: =IF(C52<>"",VLOOKUP(C52,Licenciés!A:C,3,FALSE),"") | G52: 2 | I52: =IF(H52<>"",VLOOKUP(H52,Licenciés!A:C,2,FALSE),"") | J52: =IF(H52<>"",VLOOKUP(H52,Licenciés!A:C,3,FALSE),"") | K52: =IF((VLOOKUP(C52,Licenciés!A:X,8,FALSE)="COMP"),1,0) -> #N/A | L52: =IF((VLOOKUP(H52,Licenciés!A:X,8,FALSE)="COMP"),1,0) -> #N/A
A53: Marteau | B53: 1 | D53: =IF(C53<>"",VLOOKUP(C53,Licenciés!A:C,2,FALSE),"") | E53: =IF(C53<>"",VLOOKUP(C53,Licenciés!A:C,3,FALSE),"") | F53: Marteau | G53: 1 | I53: =IF(H53<>"",VLOOKUP(H53,Licenciés!A:C,2,FALSE),"") | J53: =IF(H53<>"",VLOOKUP(H53,Licenciés!A:C,3,FALSE),"") | K53: =IF((VLOOKUP(C53,Licenciés!A:X,8,FALSE)="COMP"),1,0) -> #N/A | L53: =IF((VLOOKUP(H53,Licenciés!A:X,8,FALSE)="COMP"),1,0) -> #N/A
B54: 2 | D54: =IF(C54<>"",VLOOKUP(C54,Licenciés!A:C,2,FALSE),"") | E54: =IF(C54<>"",VLOOKUP(C54,Licenciés!A:C,3,FALSE),"") | G54: 2 | I54: =IF(H54<>"",VLOOKUP(H54,Licenciés!A:C,2,FALSE),"") | J54: =IF(H54<>"",VLOOKUP(H54,Licenciés!A:C,3,FALSE),"") | K54: =IF((VLOOKUP(C54,Licenciés!A:X,8,FALSE)="COMP"),1,0) -> #N/A | L54: =IF((VLOOKUP(H54,Licenciés!A:X,8,FALSE)="COMP"),1,0) -> #N/A
A55: Javelot | B55: 1 | D55: =IF(C55<>"",VLOOKUP(C55,Licenciés!A:C,2,FALSE),"") | E55: =IF(C55<>"",VLOOKUP(C55,Licenciés!A:C,3,FALSE),"") | F55: Javelot | G55: 1 | I55: =IF(H55<>"",VLOOKUP(H55,Licenciés!A:C,2,FALSE),"") | J55: =IF(H55<>"",VLOOKUP(H55,Licenciés!A:C,3,FALSE),"") | K55: =IF((VLOOKUP(C55,Licenciés!A:X,8,FALSE)="COMP"),1,0) -> #N/A | L55: =IF((VLOOKUP(H55,Licenciés!A:X,8,FALSE)="COMP"),1,0) -> #N/A
B56: 2 | D56: =IF(C56<>"",VLOOKUP(C56,Licenciés!A:C,2,FALSE),"") | E56: =IF(C56<>"",VLOOKUP(C56,Licenciés!A:C,3,FALSE),"") | G56: 2 | I56: =IF(H56<>"",VLOOKUP(H56,Licenciés!A:C,2,FALSE),"") | J56: =IF(H56<>"",VLOOKUP(H56,Licenciés!A:C,3,FALSE),"") | K56: =IF((VLOOKUP(C56,Licenciés!A:X,8,FALSE)="COMP"),1,0) -> #N/A | L56: =IF((VLOOKUP(H56,Licenciés!A:X,8,FALSE)="COMP"),1,0) -> #N/A
A57: Relais 4 x 100 m | B57: 1 | D57: =IF(C57<>"",VLOOKUP(C57,Licenciés!A:C,2,FALSE),"") | E57: =IF(C57<>"",VLOOKUP(C57,Licenciés!A:C,3,FALSE),"") | F57: Relais 4 x 100 m | G57: 1 | I57: =IF(H57<>"",VLOOKUP(H57,Licenciés!A:C,2,FALSE),"") | J57: =IF(H57<>"",VLOOKUP(H57,Licenciés!A:C,3,FALSE),"") | K57: =IF((VLOOKUP(C57,Licenciés!A:X,8,FALSE)="COMP"),1,0) -> #N/A | L57: =IF((VLOOKUP(H57,Licenciés!A:X,8,FALSE)="COMP"),1,0) -> #N/A
B58: 2 | D58: =IF(C58<>"",VLOOKUP(C58,Licenciés!A:C,2,FALSE),"") | E58: =IF(C58<>"",VLOOKUP(C58,Licenciés!A:C,3,FALSE),"") | G58: 2 | I58: =IF(H58<>"",VLOOKUP(H58,Licenciés!A:C,2,FALSE),"") | J58: =IF(H58<>"",VLOOKUP(H58,Licenciés!A:C,3,FALSE),"") | K58: =IF((VLOOKUP(C58,Licenciés!A:X,8,FALSE)="COMP"),1,0) -> #N/A | L58: =IF((VLOOKUP(H58,Licenciés!A:X,8,FALSE)="COMP"),1,0) -> #N/A
B59: 3 | D59: =IF(C59<>"",VLOOKUP(C59,Licenciés!A:C,2,FALSE),"") | E59: =IF(C59<>"",VLOOKUP(C59,Licenciés!A:C,3,FALSE),"") | G59: 3 | I59: =IF(H59<>"",VLOOKUP(H59,Licenciés!A:C,2,FALSE),"") | J59: =IF(H59<>"",VLOOKUP(H59,Licenciés!A:C,3,FALSE),"") | K59: =IF((VLOOKUP(C59,Licenciés!A:X,8,FALSE)="COMP"),1,0) -> #N/A | L59: =IF((VLOOKUP(H59,Licenciés!A:X,8,FALSE)="COMP"),1,0) -> #N/A
B60: 4 | D60: =IF(C60<>"",VLOOKUP(C60,Licenciés!A:C,2,FALSE),"") | E60: =IF(C60<>"",VLOOKUP(C60,Licenciés!A:C,3,FALSE),"") | G60: 4 | I60: =IF(H60<>"",VLOOKUP(H60,Licenciés!A:C,2,FALSE),"") | J60: =IF(H60<>"",VLOOKUP(H60,Licenciés!A:C,3,FALSE),"") | K60: =IF((VLOOKUP(C60,Licenciés!A:X,8,FALSE)="COMP"),1,0) -> #N/A | L60: =IF((VLOOKUP(H60,Licenciés!A:X,8,FALSE)="COMP"),1,0) -> #N/A
A61: Relais 4 x 400 m | B61: 1 | D61: =IF(C61<>"",VLOOKUP(C61,Licenciés!A:C,2,FALSE),"") | E61: =IF(C61<>"",VLOOKUP(C61,Licenciés!A:C,3,FALSE),"") | F61: Relais 4 x 400 m | G61: 1 | I61: =IF(H61<>"",VLOOKUP(H61,Licenciés!A:C,2,FALSE),"") | J61: =IF(H61<>"",VLOOKUP(H61,Licenciés!A:C,3,FALSE),"") | K61: =IF((VLOOKUP(C61,Licenciés!A:X,8,FALSE)="COMP"),1,0) -> #N/A | L61: =IF((VLOOKUP(H61,Licenciés!A:X,8,FALSE)="COMP"),1,0) -> #N/A
B62: 2 | D62: =IF(C62<>"",VLOOKUP(C62,Licenciés!A:C,2,FALSE),"") | E62: =IF(C62<>"",VLOOKUP(C62,Licenciés!A:C,3,FALSE),"") | G62: 2 | I62: =IF(H62<>"",VLOOKUP(H62,Licenciés!A:C,2,FALSE),"") | J62: =IF(H62<>"",VLOOKUP(H62,Licenciés!A:C,3,FALSE),"") | K62: =IF((VLOOKUP(C62,Licenciés!A:X,8,FALSE)="COMP"),1,0) -> #N/A | L62: =IF((VLOOKUP(H62,Licenciés!A:X,8,FALSE)="COMP"),1,0) -> #N/A
B63: 3 | D63: =IF(C63<>"",VLOOKUP(C63,Licenciés!A:C,2,FALSE),"") | E63: =IF(C63<>"",VLOOKUP(C63,Licenciés!A:C,3,FALSE),"") | G63: 3 | I63: =IF(H63<>"",VLOOKUP(H63,Licenciés!A:C,2,FALSE),"") | J63: =IF(H63<>"",VLOOKUP(H63,Licenciés!A:C,3,FALSE),"") | K63: =IF((VLOOKUP(C63,Licenciés!A:X,8,FALSE)="COMP"),1,0) -> #N/A | L63: =IF((VLOOKUP(H63,Licenciés!A:X,8,FALSE)="COMP"),1,0) -> #N/A
B64: 4 | D64: =IF(C64<>"",VLOOKUP(C64,Licenciés!A:C,2,FALSE),"") | E64: =IF(C64<>"",VLOOKUP(C64,Licenciés!A:C,3,FALSE),"") | G64: 4 | I64: =IF(H64<>"",VLOOKUP(H64,Licenciés!A:C,2,FALSE),"") | J64: =IF(H64<>"",VLOOKUP(H64,Licenciés!A:C,3,FALSE),"") | K64: =IF((VLOOKUP(C64,Licenciés!A:X,8,FALSE)="COMP"),1,0) -> #N/A | L64: =IF((VLOOKUP(H64,Licenciés!A:X,8,FALSE)="COMP"),1,0) -> #N/A
A66: Athlètes non-licenciés au 27 avril
A68: Féminines | F68: Masculins
A69: Epreuves | B69: Ordre | C69: N° Licence | D69: NOM | E69: PRENOM | F69: Epreuves | G69: Ordre | H69: N° Licence | I69: NOM | J69: PRENOM

Sheet Licenciés
A1: 100089 | B1: MACHEREZ | C1: SERGE | E1: MA | F1: M | G1: 45045 | H1: COMP
A2: 100129 | B2: MUNIER | C2: JEAN-PIERRE | E2: MA | F2: M | G2: 44067 | H2: COMP
A3: 100273 | B3: MARCHAND | C3: JEAN-YVES | E3: MA | F3: M | G3: 28013 | H3: LOISR
A4: 100379 | B4: GROSBOIS | C4: BERNARD | E4: MA | F4: M | G4: 49009 | H4: LOISR
A5: 100380 | B5: MAUNAY | C5: JEAN-LUC | E5: MA | F5: M | G5: 49009 | H5: COMP
A6: 100449 | B6: DEVILLERS | C6: MARIE-CLAUDE | E6: MA | F6: F | G6: 85049 | H6: LOISR
A7: 100505 | B7: DURAND | C7: CORALIE | E7: SE | F7: F | G7: 72063 | H7: COMP
A8: 100510 | B8: EPINEAU | C8: JOSEPH | E8: SE | F8: M | G8: 72021 | H8: COMP
A9: 100512 | B9: EVRARD | C9: VINCENT | E9: SE | F9: M | G9: 45005 | H9: COMP
A10: 100514 | B10: SOURIS | C10: CHRISTOPHE | E10: MA | F10: M | G10: 18035 | H10: LOISR
A11: 100558 | B11: DAVY | C11: JOSEPH | E11: MA | F11: M | G11: 49034 | H11: LOISR
A12: 100625 | B12: IGNAS | C12: PIERRE | E12: SE | F12: M | G12: 72028 | H12: COMP
... A25439: 2530131 | B25439: BANGOURA | C25439: MANGAMORY | E25439: CA | F25439: M | G25439: 45011 | H25439: COMP

Sheet Equipes
A1: Licence (10 max) obligatoire si licencié | B1: Nom (20 caractères max) Obligatoire | C1: Prénom (15 caractères max) - obligatoire | D1: Catégorie (2 caractères max) - obligatoire | E1: Sexe (1 caractère) - obligatoire | F1: Code d'appel (3 caractères - obligatoire) | G1: Code d'appel ep. N+1 eprv multiple (3 caractères) | H1: Perf Engagement num. (sans séparateur) | I1: N° d'ordre dans l'équipe (obligatoire pour import équipe Interclub) | J1: N° club athlète (6 caractères) | K1: nom club (30 caractères max) obligatoire si non licencié | L1: Code Famille (obligatoire Re, si relais) | M1: Nom équipe relais (30 caractères max) - obligatoire si relais | N1: Ordre composition relais (1 caractère) | O1: Catégorie épreuve relais (obligatoire si relais) | P1: Sexe épreuve relais (obligatoire si relais) | Q1: Nom épreuve (12 caractères max) | R1: Dossard | S1: Nationalité (3 caractères) - obligatoire si non licencié
A2: nolicence | B2: nom | C2: prenom | D2: categorie | E2: sexe | F2: codeappel | G2: epcombine | H2: perfengagement | I2: noordreequipe | J2: noclub | K2: nomclub | L2: codefamille | M2: nomrelais | N2: noordrerelais | O2: categorieep | P2: sexeep | Q2: nomepreuve | R2: nodossard | S2: nationalite
A3: =IF(Interclubs2023!D21<>"",Interclubs2023!C21,"") | B3: =IF(A3<>"",LEFT(VLOOKUP(A3,Licenciés!A:F,2,FALSE),20),"") | C3: =IF(A3<>"",LEFT(VLOOKUP(A3,Licenciés!A:F,3,FALSE),15),"") | D3: =IF(A3<>"",VLOOKUP(A3,Licenciés!A:F,5,FALSE),"") | E3: =IF(A3<>"",VLOOKUP(A3,Licenciés!A:F,6,FALSE),"") | F3: =IF(A3<>"", 110,"") | I3: =IF(A3<>"",Interclubs2023!B21,"") | J3: =IF(A3<>"",VLOOKUP(A3,Licenciés!A:G,7,FALSE),"")
A4: =IF(Interclubs2023!D22<>"",Interclubs2023!C22,"") | B4: =IF(A4<>"",LEFT(VLOOKUP(A4,Licenciés!A:F,2,FALSE),20),"") | C4: =IF(A4<>"",LEFT(VLOOKUP(A4,Licenciés!A:F,3,FALSE),15),"") | D4: =IF(A4<>"",VLOOKUP(A4,Licenciés!A:F,5,FALSE),"") | E4: =IF(A4<>"",VLOOKUP(A4,Licenciés!A:F,6,FALSE),"") | F4: =IF(A4<>"", 110,"") | I4: =IF(A4<>"",Interclubs2023!B22,"") | J4: =IF(A4<>"",VLOOKUP(A4,Licenciés!A:G,7,FALSE),"")
A5: =IF(Interclubs2023!D23<>"",Interclubs2023!C23,"") | B5: =IF(A5<>"",LEFT(VLOOKUP(A5,Licenciés!A:F,2,FALSE),20),"") | C5: =IF(A5<>"",LEFT(VLOOKUP(A5,Licenciés!A:F,3,FALSE),15),"") | D5: =IF(A5<>"",VLOOKUP(A5,Licenciés!A:F,5,FALSE),"") | E5: =IF(A5<>"",VLOOKUP(A5,Licenciés!A:F,6,FALSE),"") | F5: =IF(A5<>"", 120,"") | I5: =IF(A5<>"",Interclubs2023!B23,"") | J5: =IF(A5<>"",VLOOKUP(A5,Licenciés!A:G,7,FALSE),"")
A6: =IF(Interclubs2023!D24<>"",Interclubs2023!C24,"") | B6: =IF(A6<>"",LEFT(VLOOKUP(A6,Licenciés!A:F,2,FALSE),20),"") | C6: =IF(A6<>"",LEFT(VLOOKUP(A6,Licenciés!A:F,3,FALSE),15),"") | D6: =IF(A6<>"",VLOOKUP(A6,Licenciés!A:F,5,FALSE),"") | E6: =IF(A6<>"",VLOOKUP(A6,Licenciés!A:F,6,FALSE),"") | F6: =IF(A6<>"", 120,"") | I6: =IF(A6<>"",Interclubs2023!B24,"") | J6: =IF(A6<>"",VLOOKUP(A6,Licenciés!A:G,7,FALSE),"")
A7: =IF(Interclubs2023!D25<>"",Interclubs2023!C25,"") | B7: =IF(A7<>"",LEFT(VLOOKUP(A7,Licenciés!A:F,2,FALSE),20),"") | C7: =IF(A7<>"",LEFT(VLOOKUP(A7,Licenciés!A:F,3,FALSE),15),"") | D7: =IF(A7<>"",VLOOKUP(A7,Licenciés!A:F,5,FALSE),"") | E7: =IF(A7<>"",VLOOKUP(A7,Licenciés!A:F,6,FALSE),"") | F7: =IF(A7<>"", 140,"") | I7: =IF(A7<>"",Interclubs2023!B25,"") | J7: =IF(A7<>"",VLOOKUP(A7,Licenciés!A:G,7,FALSE),"")
A8: =IF(Interclubs2023!D26<>"",Interclubs2023!C26,"") | B8: =IF(A8<>"",LEFT(VLOOKUP(A8,Licenciés!A:F,2,FALSE),20),"") | C8: =IF(A8<>"",LEFT(VLOOKUP(A8,Licenciés!A:F,3,FALSE),15),"") | D8: =IF(A8<>"",VLOOKUP(A8,Licenciés!A:F,5,FALSE),"") | E8: =IF(A8<>"",VLOOKUP(A8,Licenciés!A:F,6,FALSE),"") | F8: =IF(A8<>"", 140,"") | I8: =IF(A8<>"",Interclubs2023!B26,"") | J8: =IF(A8<>"",VLOOKUP(A8,Licenciés!A:G,7,FALSE),"")
A9: =IF(Interclubs2023!D27<>"",Interclubs2023!C27,"") | B9: =IF(A9<>"",LEFT(VLOOKUP(A9,Licenciés!A:F,2,FALSE),20),"") | C9: =IF(A9<>"",LEFT(VLOOKUP(A9,Licenciés!A:F,3,FALSE),15),"") | D9: =IF(A9<>"",VLOOKUP(A9,Licenciés!A:F,5,FALSE),"") | E9: =IF(A9<>"",VLOOKUP(A9,Licenciés!A:F,6,FALSE),"") | F9: =IF(A9<>"", 208,"") | I9: =IF(A9<>"",Interclubs2023!B27,"") | J9: =IF(A9<>"",VLOOKUP(A9,Licenciés!A:G,7,FALSE),"")
A10: =IF(Interclubs2023!D28<>"",Interclubs2023!C28,"") | B10: =IF(A10<>"",LEFT(VLOOKUP(A10,Licenciés!A:F,2,FALSE),20),"") | C10: =IF(A10<>"",LEFT(VLOOKUP(A10,Licenciés!A:F,3,FALSE),15),"") | D10: =IF(A10<>"",VLOOKUP(A10,Licenciés!A:F,5,FALSE),"") | E10: =IF(A10<>"",VLOOKUP(A10,Licenciés!A:F,6,FALSE),"") | F10: =IF(A10<>"", 208,"") | I10: =IF(A10<>"",Interclubs2023!B28,"") | J10: =IF(A10<>"",VLOOKUP(A10,Licenciés!A:G,7,FALSE),"")
A11: =IF(Interclubs2023!D29<>"",Interclubs2023!C29,"") | B11: =IF(A11<>"",LEFT(VLOOKUP(A11,Licenciés!A:F,2,FALSE),20),"") | C11: =IF(A11<>"",LEFT(VLOOKUP(A11,Licenciés!A:F,3,FALSE),15),"") | D11: =IF(A11<>"",VLOOKUP(A11,Licenciés!A:F,5,FALSE),"") | E11: =IF(A11<>"",VLOOKUP(A11,Licenciés!A:F,6,FALSE),"") | F11: =IF(A11<>"", 215,"") | I11: =IF(A11<>"",Interclubs2023!B29,"") | J11: =IF(A11<>"",VLOOKUP(A11,Licenciés!A:G,7,FALSE),"")
A12: =IF(Interclubs2023!D30<>"",Interclubs2023!C30,"") | B12: =IF(A12<>"",LEFT(VLOOKUP(A12,Licenciés!A:F,2,FALSE),20),"") | C12: =IF(A12<>"",LEFT(VLOOKUP(A12,Licenciés!A:F,3,FALSE),15),"") | D12: =IF(A12<>"",VLOOKUP(A12,Licenciés!A:F,5,FALSE),"") | E12: =IF(A12<>"",VLOOKUP(A12,Licenciés!A:F,6,FALSE),"") | F12: =IF(A12<>"", 215,"") | I12: =IF(A12<>"",Interclubs2023!B30,"") | J12: =IF(A12<>"",VLOOKUP(A12,Licenciés!A:G,7,FALSE),"")
A13: =IF(Interclubs2023!D31<>"",Interclubs2023!C31,"") | B13: =IF(A13<>"",LEFT(VLOOKUP(A13,Licenciés!A:F,2,FALSE),20),"") | C13: =IF(A13<>"",LEFT(VLOOKUP(A13,Licenciés!A:F,3,FALSE),15),"") | D13: =IF(A13<>"",VLOOKUP(A13,Licenciés!A:F,5,FALSE),"") | E13: =IF(A13<>"",VLOOKUP(A13,Licenciés!A:F,6,FALSE),"") | F13: =IF(A13<>"", 230,"") | I13: =IF(A13<>"",Interclubs2023!B31,"") | J13: =IF(A13<>"",VLOOKUP(A13,Licenciés!A:G,7,FALSE),"")
A14: =IF(Interclubs2023!D32<>"",Interclubs2023!C32,"") | B14: =IF(A14<>"",LEFT(VLOOKUP(A14,Licenciés!A:F,2,FALSE),20),"") | C14: =IF(A14<>"",LEFT(VLOOKUP(A14,Licenciés!A:F,3,FALSE),15),"") | D14: =IF(A14<>"",VLOOKUP(A14,Licenciés!A:F,5,FALSE),"") | E14: =IF(A14<>"",VLOOKUP(A14,Licenciés!A:F,6,FALSE),"") | F14: =IF(A14<>"", 230,"") | I14: =IF(A14<>"",Interclubs2023!B32,"") | J14: =IF(A14<>"",VLOOKUP(A14,Licenciés!A:G,7,FALSE),"")
A15: =IF(Interclubs2023!D33<>"",Interclubs2023!C33,"") | B15: =IF(A15<>"",LEFT(VLOOKUP(A15,Licenciés!A:F,2,FALSE),20),"") | C15: =IF(A15<>"",LEFT(VLOOKUP(A15,Licenciés!A:F,3,FALSE),15),"") | D15: =IF(A15<>"",VLOOKUP(A15,Licenciés!A:F,5,FALSE),"") | E15: =IF(A15<>"",VLOOKUP(A15,Licenciés!A:F,6,FALSE),"") | F15: =IF(A15<>"", 310,"") | I15: =IF(A15<>"",Interclubs2023!B33,"") | J15: =IF(A15<>"",VLOOKUP(A15,Licenciés!A:G,7,FALSE),"")
A16: =IF(Interclubs2023!D34<>"",Interclubs2023!C34,"") | B16: =IF(A16<>"",LEFT(VLOOKUP(A16,Licenciés!A:F,2,FALSE),20),"") | C16: =IF(A16<>"",LEFT(VLOOKUP(A16,Licenciés!A:F,3,FALSE),15),"") | D16: =IF(A16<>"",VLOOKUP(A16,Licenciés!A:F,5,FALSE),"") | E16: =IF(A16<>"",VLOOKUP(A16,Licenciés!A:F,6,FALSE),"") | F16: =IF(A16<>"", 310,"") | I16: =IF(A16<>"",Interclubs2023!B34,"") | J16: =IF(A16<>"",VLOOKUP(A16,Licenciés!A:G,7,FALSE),"")
A17: =IF(Interclubs2023!D35<>"",Interclubs2023!C35,"") | B17: =IF(A17<>"",LEFT(VLOOKUP(A17,Licenciés!A:F,2,FALSE),20),"") | C17: =IF(A17<>"",LEFT(VLOOKUP(A17,Licenciés!A:F,3,FALSE),15),"") | D17: =IF(A17<>"",VLOOKUP(A17,Licenciés!A:F,5,FALSE),"") | E17: =IF(A17<>"",VLOOKUP(A17,Licenciés!A:F,6,FALSE),"") | F17: =IF(A17<>"", 340,"") | I17: =IF(A17<>"",Interclubs2023!B35,"") | J17: =IF(A17<>"",VLOOKUP(A17,Licenciés!A:G,7,FALSE),"")
A18: =IF(Interclubs2023!D36<>"",Interclubs2023!C36,"") | B18: =IF(A18<>"",LEFT(VLOOKUP(A18,Licenciés!A:F,2,FALSE),20),"") | C18: =IF(A18<>"",LEFT(VLOOKUP(A18,Licenciés!A:F,3,FALSE),15),"") | D18: =IF(A18<>"",VLOOKUP(A18,Licenciés!A:F,5,FALSE),"") | E18: =IF(A18<>"",VLOOKUP(A18,Licenciés!A:F,6,FALSE),"") | F18: =IF(A18<>"", 340,"") | I18: =IF(A18<>"",Interclubs2023!B36,"") | J18: =IF(A18<>"",VLOOKUP(A18,Licenciés!A:G,7,FALSE),"")
A19: =IF(Interclubs2023!D37<>"",Interclubs2023!C37,"") | B19: =IF(A19<>"",LEFT(VLOOKUP(A19,Licenciés!A:F,2,FALSE),20),"") | C19: =IF(A19<>"",LEFT(VLOOKUP(A19,Licenciés!A:F,3,FALSE),15),"") | D19: =IF(A19<>"",VLOOKUP(A19,Licenciés!A:F,5,FALSE),"") | E19: =IF(A19<>"",VLOOKUP(A19,Licenciés!A:F,6,FALSE),"") | F19: =IF(A19<>"", 903,"") | I19: =IF(A19<>"",Interclubs2023!B37,"") | J19: =IF(A19<>"",VLOOKUP(A19,Licenciés!A:G,7,FALSE),"")
A20: =IF(Interclubs2023!D38<>"",Interclubs2023!C38,"") | B20: =IF(A20<>"",LEFT(VLOOKUP(A20,Licenciés!A:F,2,FALSE),20),"") | C20: =IF(A20<>"",LEFT(VLOOKUP(A20,Licenciés!A:F,3,FALSE),15),"") | D20: =IF(A20<>"",VLOOKUP(A20,Licenciés!A:F,5,FALSE),"") | E20: =IF(A20<>"",VLOOKUP(A20,Licenciés!A:F,6,FALSE),"") | F20: =IF(A20<>"", 903,"") | I20: =IF(A20<>"",Interclubs2023!B38,"") | J20: =IF(A20<>"",VLOOKUP(A20,Licenciés!A:G,7,FALSE),"")
A21: =IF(Interclubs2023!D41<>"",Interclubs2023!C41,"") | B21: =IF(A21<>"",LEFT(VLOOKUP(A21,Licenciés!A:F,2,FALSE),20),"") | C21: =IF(A21<>"",LEFT(VLOOKUP(A21,Licenciés!A:F,3,FALSE),15),"") | D21: =IF(A21<>"",VLOOKUP(A21,Licenciés!A:F,5,FALSE),"") | E21: =IF(A21<>"",VLOOKUP(A21,Licenciés!A:F,6,FALSE),"") | F21: =IF(A21<>"", 501,"") | I21: =IF(A21<>"",Interclubs2023!B41,"") | J21: =IF(A21<>"",VLOOKUP(A21,Licenciés!A:G,7,FALSE),"")
A22: =IF(Interclubs2023!D42<>"",Interclubs2023!C42,"") | B22: =IF(A22<>"",LEFT(VLOOKUP(A22,Licenciés!A:F,2,FALSE),20),"") | C22: =IF(A22<>"",LEFT(VLOOKUP(A22,Licenciés!A:F,3,FALSE),15),"") | D22: =IF(A22<>"",VLOOKUP(A22,Licenciés!A:F,5,FALSE),"") | E22: =IF(A22<>"",VLOOKUP(A22,Licenciés!A:F,6,FALSE),"") | F22: =IF(A22<>"", 501,"") | I22: =IF(A22<>"",Interclubs2023!B42,"") | J22: =IF(A22<>"",VLOOKUP(A22,Licenciés!A:G,7,FALSE),"")
A23: =IF(Interclubs2023!D43<>"",Interclubs2023!C43,"") | B23: =IF(A23<>"",LEFT(VLOOKUP(A23,Licenciés!A:F,2,FALSE),20),"") | C23: =IF(A23<>"",LEFT(VLOOKUP(A23,Licenciés!A:F,3,FALSE),15),"") | D23: =IF(A23<>"",VLOOKUP(A23,Licenciés!A:F,5,FALSE),"") | E23: =IF(A23<>"",VLOOKUP(A23,Licenciés!A:F,6,FALSE),"") | F23: =IF(A23<>"", 502,"") | I23: =IF(A23<>"",Interclubs2023!B43,"") | J23: =IF(A23<>"",VLOOKUP(A23,Licenciés!A:G,7,FALSE),"")
A24: =IF(Interclubs2023!D44<>"",Interclubs2023!C44,"") | B24: =IF(A24<>"",LEFT(VLOOKUP(A24,Licenciés!A:F,2,FALSE),20),"") | C24: =IF(A24<>"",LEFT(VLOOKUP(A24,Licenciés!A:F,3,FALSE),15),"") | D24: =IF(A24<>"",VLOOKUP(A24,Licenciés!A:F,5,FALSE),"") | E24: =IF(A24<>"",VLOOKUP(A24,Licenciés!A:F,6,FALSE),"") | F24: =IF(A24<>"", 502,"") | I24: =IF(A24<>"",Interclubs2023!B44,"") | J24: =IF(A24<>"",VLOOKUP(A24,Licenciés!A:G,7,FALSE),"")
A25: =IF(Interclubs2023!D45<>"",Interclubs2023!C45,"") | B25: =IF(A25<>"",LEFT(VLOOKUP(A25,Licenciés!A:F,2,FALSE),20),"") | C25: =IF(A25<>"",LEFT(VLOOKUP(A25,Licenciés!A:F,3,FALSE),15),"") | D25: =IF(A25<>"",VLOOKUP(A25,Licenciés!A:F,5,FALSE),"") | E25: =IF(A25<>"",VLOOKUP(A25,Licenciés!A:F,6,FALSE),"") | F25: =IF(A25<>"", 503,"") | I25: =IF(A25<>"",Interclubs2023!B45,"") | J25: =IF(A25<>"",VLOOKUP(A25,Licenciés!A:G,7,FALSE),"")
A26: =IF(Interclubs2023!D46<>"",Interclubs2023!C46,"") | B26: =IF(A26<>"",LEFT(VLOOKUP(A26,Licenciés!A:F,2,FALSE),20),"") | C26: =IF(A26<>"",LEFT(VLOOKUP(A26,Licenciés!A:F,3,FALSE),15),"") | D26: =IF(A26<>"",VLOOKUP(A26,Licenciés!A:F,5,FALSE),"") | E26: =IF(A26<>"",VLOOKUP(A26,Licenciés!A:F,6,FALSE),"") | F26: =IF(A26<>"", 503,"") | I26: =IF(A26<>"",Interclubs2023!B46,"") | J26: =IF(A26<>"",VLOOKUP(A26,Licenciés!A:G,7,FALSE),"")
A27: =IF(Interclubs2023!D47<>"",Interclubs2023!C47,"") | B27: =IF(A27<>"",LEFT(VLOOKUP(A27,Licenciés!A:F,2,FALSE),20),"") | C27: =IF(A27<>"",LEFT(VLOOKUP(A27,Licenciés!A:F,3,FALSE),15),"") | D27: =IF(A27<>"",VLOOKUP(A27,Licenciés!A:F,5,FALSE),"") | E27: =IF(A27<>"",VLOOKUP(A27,Licenciés!A:F,6,FALSE),"") | F27: =IF(A27<>"", 504,"") | I27: =IF(A27<>"",Interclubs2023!B47,"") | J27: =IF(A27<>"",VLOOKUP(A27,Licenciés!A:G,7,FALSE),"")
A28: =IF(Interclubs2023!D48<>"",Interclubs2023!C48,"") | B28: =IF(A28<>"",LEFT(VLOOKUP(A28,Licenciés!A:F,2,FALSE),20),"") | C28: =IF(A28<>"",LEFT(VLOOKUP(A28,Licenciés!A:F,3,FALSE),15),"") | D28: =IF(A28<>"",VLOOKUP(A28,Licenciés!A:F,5,FALSE),"") | E28: =IF(A28<>"",VLOOKUP(A28,Licenciés!A:F,6,FALSE),"") | F28: =IF(A28<>"", 504,"") | I28: =IF(A28<>"",Interclubs2023!B48,"") | J28: =IF(A28<>"",VLOOKUP(A28,Licenciés!A:G,7,FALSE),"")
A29: =IF(Interclubs2023!D49<>"",Interclubs2023!C49,"") | B29: =IF(A29<>"",LEFT(VLOOKUP(A29,Licenciés!A:F,2,FALSE),20),"") | C29: =IF(A29<>"",LEFT(VLOOKUP(A29,Licenciés!A:F,3,FALSE),15),"") | D29: =IF(A29<>"",VLOOKUP(A29,Licenciés!A:F,5,FALSE),"") | E29: =IF(A29<>"",VLOOKUP(A29,Licenciés!A:F,6,FALSE),"") | F29: =IF(A29<>"", 604,"") | I29: =IF(A29<>"",Interclubs2023!B49,"") | J29: =IF(A29<>"",VLOOKUP(A29,Licenciés!A:G,7,FALSE),"")
A30: =IF(Interclubs2023!D50<>"",Interclubs2023!C50,"") | B30: =IF(A30<>"",LEFT(VLOOKUP(A30,Licenciés!A:F,2,FALSE),20),"") | C30: =IF(A30<>"",LEFT(VLOOKUP(A30,Licenciés!A:F,3,FALSE),15),"") | D30: =IF(A30<>"",VLOOKUP(A30,Licenciés!A:F,5,FALSE),"") | E30: =IF(A30<>"",VLOOKUP(A30,Licenciés!A:F,6,FALSE),"") | F30: =IF(A30<>"", 604,"") | I30: =IF(A30<>"",Interclubs2023!B50,"") | J30: =IF(A30<>"",VLOOKUP(A30,Licenciés!A:G,7,FALSE),"")
A31: =IF(Interclubs2023!D51<>"",Interclubs2023!C51,"") | B31: =IF(A31<>"",LEFT(VLOOKUP(A31,Licenciés!A:F,2,FALSE),20),"") | C31: =IF(A31<>"",LEFT(VLOOKUP(A31,Licenciés!A:F,3,FALSE),15),"") | D31: =IF(A31<>"",VLOOKUP(A31,Licenciés!A:F,5,FALSE),"") | E31: =IF(A31<>"",VLOOKUP(A31,Licenciés!A:F,6,FALSE),"") | F31: =IF(A31<>"", 610,"") | I31: =IF(A31<>"",Interclubs2023!B51,"") | J31: =IF(A31<>"",VLOOKUP(A31,Licenciés!A:G,7,FALSE),"")
A32: =IF(Interclubs2023!D52<>"",Interclubs2023!C52,"") | B32: =IF(A32<>"",LEFT(VLOOKUP(A32,Licenciés!A:F,2,FALSE),20),"") | C32: =IF(A32<>"",LEFT(VLOOKUP(A32,Licenciés!A:F,3,FALSE),15),"") | D32: =IF(A32<>"",VLOOKUP(A32,Licenciés!A:F,5,FALSE),"") | E32: =IF(A32<>"",VLOOKUP(A32,Licenciés!A:F,6,FALSE),"") | F32: =IF(A32<>"", 610,"") | I32: =IF(A32<>"",Interclubs2023!B52,"") | J32: =IF(A32<>"",VLOOKUP(A32,Licenciés!A:G,7,FALSE),"")
A33: =IF(Interclubs2023!D53<>"",Interclubs2023!C53,"") | B33: =IF(A33<>"",LEFT(VLOOKUP(A33,Licenciés!A:F,2,FALSE),20),"") | C33: =IF(A33<>"",LEFT(VLOOKUP(A33,Licenciés!A:F,3,FALSE),15),"") | D33: =IF(A33<>"",VLOOKUP(A33,Licenciés!A:F,5,FALSE),"") | E33: =IF(A33<>"",VLOOKUP(A33,Licenciés!A:F,6,FALSE),"") | F33: =IF(A33<>"", 634,"") | I33: =IF(A33<>"",Interclubs2023!B53,"") | J33: =IF(A33<>"",VLOOKUP(A33,Licenciés!A:G,7,FALSE),"")
A34: =IF(Interclubs2023!D54<>"",Interclubs2023!C54,"") | B34: =IF(A34<>"",LEFT(VLOOKUP(A34,Licenciés!A:F,2,FALSE),20),"") | C34: =IF(A34<>"",LEFT(VLOOKUP(A34,Licenciés!A:F,3,FALSE),15),"") | D34: =IF(A34<>"",VLOOKUP(A34,Licenciés!A:F,5,FALSE),"") | E34: =IF(A34<>"",VLOOKUP(A34,Licenciés!A:F,6,FALSE),"") | F34: =IF(A34<>"", 634,"") | I34: =IF(A34<>"",Interclubs2023!B54,"") | J34: =IF(A34<>"",VLOOKUP(A34,Licenciés!A:G,7,FALSE),"")
A35: =IF(Interclubs2023!D55<>"",Interclubs2023!C55,"") | B35: =IF(A35<>"",LEFT(VLOOKUP(A35,Licenciés!A:F,2,FALSE),20),"") | C35: =IF(A35<>"",LEFT(VLOOKUP(A35,Licenciés!A:F,3,FALSE),15),"") | D35: =IF(A35<>"",VLOOKUP(A35,Licenciés!A:F,5,FALSE),"") | E35: =IF(A35<>"",VLOOKUP(A35,Licenciés!A:F,6,FALSE),"") | F35: =IF(A35<>"", 660,"") | I35: =IF(A35<>"",Interclubs2023!B55,"") | J35: =IF(A35<>"",VLOOKUP(A35,Licenciés!A:G,7,FALSE),"")
A36: =IF(Interclubs2023!D56<>"",Interclubs2023!C56,"") | B36: =IF(A36<>"",LEFT(VLOOKUP(A36,Licenciés!A:F,2,FALSE),20),"") | C36: =IF(A36<>"",LEFT(VLOOKUP(A36,Licenciés!A:F,3,FALSE),15),"") | D36: =IF(A36<>"",VLOOKUP(A36,Licenciés!A:F,5,FALSE),"") | E36: =IF(A36<>"",VLOOKUP(A36,Licenciés!A:F,6,FALSE),"") | F36: =IF(A36<>"", 660,"") | I36: =IF(A36<>"",Interclubs2023!B56,"") | J36: =IF(A36<>"",VLOOKUP(A36,Licenciés!A:G,7,FALSE),"")
A37: =IF(Interclubs2023!D57<>"",Interclubs2023!C57,"") | B37: =IF(A37<>"",LEFT(VLOOKUP(A37,Licenciés!A:F,2,FALSE),20),"") | C37: =IF(A37<>"",LEFT(VLOOKUP(A37,Licenciés!A:F,3,FALSE),15),"") | D37: =IF(A37<>"",VLOOKUP(A37,Licenciés!A:F,5,FALSE),"") | E37: =IF(A37<>"",VLOOKUP(A37,Licenciés!A:F,6,FALSE),"") | F37: =IF(A37<>"", 810,"") | J37: =IF(A37<>"",VLOOKUP(A37,Licenciés!A:G,7,FALSE),"") | L37: =IF(A37<>"","Re","") | M37: =IF(A37<>"",CONCATENATE(Interclubs2023!$H$4," ",Interclubs2023!$F$6),"") | N37: =IF(A37<>"",Interclubs2023!B57,"") | O37: =IF(A37<>"","SE","") | P37: =IF(A37<>"","F","")
A38: =IF(Interclubs2023!D58<>"",Interclubs2023!C58,"") | B38: =IF(A38<>"",LEFT(VLOOKUP(A38,Licenciés!A:F,2,FALSE),20),"") | C38: =IF(A38<>"",LEFT(VLOOKUP(A38,Licenciés!A:F,3,FALSE),15),"") | D38: =IF(A38<>"",VLOOKUP(A38,Licenciés!A:F,5,FALSE),"") | E38: =IF(A38<>"",VLOOKUP(A38,Licenciés!A:F,6,FALSE),"") | F38: =IF(A38<>"", 810,"") | J38: =IF(A38<>"",VLOOKUP(A38,Licenciés!A:G,7,FALSE),"") | L38: =IF(A38<>"","Re","") | M38: =IF(A38<>"",CONCATENATE(Interclubs2023!$H$4," ",Interclubs2023!$F$6),"") | N38: =IF(A38<>"",Interclubs2023!B58,"") | O38: =IF(A38<>"","SE","") | P38: =IF(A38<>"","F","")
A39: =IF(Interclubs2023!D59<>"",Interclubs2023!C59,"") | B39: =IF(A39<>"",LEFT(VLOOKUP(A39,Licenciés!A:F,2,FALSE),20),"") | C39: =IF(A39<>"",LEFT(VLOOKUP(A39,Licenciés!A:F,3,FALSE),15),"") | D39: =IF(A39<>"",VLOOKUP(A39,Licenciés!A:F,5,FALSE),"") | E39: =IF(A39<>"",VLOOKUP(A39,Licenciés!A:F,6,FALSE),"") | F39: =IF(A39<>"", 810,"") | J39: =IF(A39<>"",VLOOKUP(A39,Licenciés!A:G,7,FALSE),"") | L39: =IF(A39<>"","Re","") | M39: =IF(A39<>"",CONCATENATE(Interclubs2023!$H$4," ",Interclubs2023!$F$6),"") | N39: =IF(A39<>"",Interclubs2023!B59,"") | O39: =IF(A39<>"","SE","") | P39: =IF(A39<>"","F","")
A40: =IF(Interclubs2023!D60<>"",Interclubs2023!C60,"") | B40: =IF(A40<>"",LEFT(VLOOKUP(A40,Licenciés!A:F,2,FALSE),20),"") | C40: =IF(A40<>"",LEFT(VLOOKUP(A40,Licenciés!A:F,3,FALSE),15),"") | D40: =IF(A40<>"",VLOOKUP(A40,Licenciés!A:F,5,FALSE),"") | E40: =IF(A40<>"",VLOOKUP(A40,Licenciés!A:F,6,FALSE),"") | F40: =IF(A40<>"", 810,"") | J40: =IF(A40<>"",VLOOKUP(A40,Licenciés!A:G,7,FALSE),"") | L40: =IF(A40<>"","Re","") | M40: =IF(A40<>"",CONCATENATE(Interclubs2023!$H$4," ",Interclubs2023!$F$6),"") | N40: =IF(A40<>"",Interclubs2023!B60,"") | O40: =IF(A40<>"","SE","") | P40: =IF(A40<>"","F","")
A41: =IF(Interclubs2023!D61<>"",Interclubs2023!C61,"") | B41: =IF(A41<>"",LEFT(VLOOKUP(A41,Licenciés!A:F,2,FALSE),20),"") | C41: =IF(A41<>"",LEFT(VLOOKUP(A41,Licenciés!A:F,3,FALSE),15),"") | D41: =IF(A41<>"",VLOOKUP(A41,Licenciés!A:F,5,FALSE),"") | E41: =IF(A41<>"",VLOOKUP(A41,Licenciés!A:F,6,FALSE),"") | F41: =IF(A41<>"", 840,"") | J41: =IF(A41<>"",VLOOKUP(A41,Licenciés!A:G,7,FALSE),"") | L41: =IF(A41<>"","Re","") | M41: =IF(A41<>"",CONCATENATE(Interclubs2023!$H$4," ",Interclubs2023!$F$6),"") | N41: =IF(A41<>"",Interclubs2023!B61,"") | O41: =IF(A41<>"","SE","") | P41: =IF(A41<>"","F","")
A42: =IF(Interclubs2023!D62<>"",Interclubs2023!C62,"") | B42: =IF(A42<>"",LEFT(VLOOKUP(A42,Licenciés!A:F,2,FALSE),20),"") | C42: =IF(A42<>"",LEFT(VLOOKUP(A42,Licenciés!A:F,3,FALSE),15),"") | D42: =IF(A42<>"",VLOOKUP(A42,Licenciés!A:F,5,FALSE),"") | E42: =IF(A42<>"",VLOOKUP(A42,Licenciés!A:F,6,FALSE),"") | F42: =IF(A42<>"", 840,"") | J42: =IF(A42<>"",VLOOKUP(A42,Licenciés!A:G,7,FALSE),"") | L42: =IF(A42<>"","Re","") | M42: =IF(A42<>"",CONCATENATE(Interclubs2023!$H$4," ",Interclubs2023!$F$6),"") | N42: =IF(A42<>"",Interclubs2023!B62,"") | O42: =IF(A42<>"","SE","") | P42: =IF(A42<>"","F","")
A43: =IF(Interclubs2023!D63<>"",Interclubs2023!C63,"") | B43: =IF(A43<>"",LEFT(VLOOKUP(A43,Licenciés!A:F,2,FALSE),20),"") | C43: =IF(A43<>"",LEFT(VLOOKUP(A43,Licenciés!A:F,3,FALSE),15),"") | D43: =IF(A43<>"",VLOOKUP(A43,Licenciés!A:F,5,FALSE),"") | E43: =IF(A43<>"",VLOOKUP(A43,Licenciés!A:F,6,FALSE),"") | F43: =IF(A43<>"", 840,"") | J43: =IF(A43<>"",VLOOKUP(A43,Licenciés!A:G,7,FALSE),"") | L43: =IF(A43<>"","Re","") | M43: =IF(A43<>"",CONCATENATE(Interclubs2023!$H$4," ",Interclubs2023!$F$6),"") | N43: =IF(A43<>"",Interclubs2023!B63,"") | O43: =IF(A43<>"","SE","") | P43: =IF(A43<>"","F","")
A44: =IF(Interclubs2023!D64<>"",Interclubs2023!C64,"") | B44: =IF(A44<>"",LEFT(VLOOKUP(A44,Licenciés!A:F,2,FALSE),20),"") | C44: =IF(A44<>"",LEFT(VLOOKUP(A44,Licenciés!A:F,3,FALSE),15),"") | D44: =IF(A44<>"",VLOOKUP(A44,Licenciés!A:F,5,FALSE),"") | E44: =IF(A44<>"",VLOOKUP(A44,Licenciés!A:F,6,FALSE),"") | F44: =IF(A44<>"", 840,"") | J44: =IF(A44<>"",VLOOKUP(A44,Licenciés!A:G,7,FALSE),"") | L44: =IF(A44<>"","Re","") | M44: =IF(A44<>"",CONCATENATE(Interclubs2023!$H$4," ",Interclubs2023!$F$6),"") | N44: =IF(A44<>"",Interclubs2023!B64,"") | O44: =IF(A44<>"","SE","") | P44: =IF(A44<>"","F","")
A45: =IF(Interclubs2023!I21<>"",Interclubs2023!H21,"") | B45: =IF(A45<>"",LEFT(VLOOKUP(A45,Licenciés!A:F,2,FALSE),20),"") | C45: =IF(A45<>"",LEFT(VLOOKUP(A45,Licenciés!A:F,3,FALSE),15),"") | D45: =IF(A45<>"",VLOOKUP(A45,Licenciés!A:F,5,FALSE),"") | E45: =IF(A45<>"",VLOOKUP(A45,Licenciés!A:F,6,FALSE),"") | F45: =IF(A45<>"", 110,"") | I45: =IF(A45<>"",Interclubs2023!G21,"") | J45: =IF(A45<>"",VLOOKUP(A45,Licenciés!A:G,7,FALSE),"")
A46: =IF(Interclubs2023!I22<>"",Interclubs2023!H22,"") | B46: =IF(A46<>"",LEFT(VLOOKUP(A46,Licenciés!A:F,2,FALSE),20),"") | C46: =IF(A46<>"",LEFT(VLOOKUP(A46,Licenciés!A:F,3,FALSE),15),"") | D46: =IF(A46<>"",VLOOKUP(A46,Licenciés!A:F,5,FALSE),"") | E46: =IF(A46<>"",VLOOKUP(A46,Licenciés!A:F,6,FALSE),"") | F46: =IF(A46<>"", 110,"") | I46: =IF(A46<>"",Interclubs2023!G22,"") | J46: =IF(A46<>"",VLOOKUP(A46,Licenciés!A:G,7,FALSE),"")
A47: =IF(Interclubs2023!I23<>"",Interclubs2023!H23,"") | B47: =IF(A47<>"",LEFT(VLOOKUP(A47,Licenciés!A:F,2,FALSE),20),"") | C47: =IF(A47<>"",LEFT(VLOOKUP(A47,Licenciés!A:F,3,FALSE),15),"") | D47: =IF(A47<>"",VLOOKUP(A47,Licenciés!A:F,5,FALSE),"") | E47: =IF(A47<>"",VLOOKUP(A47,Licenciés!A:F,6,FALSE),"") | F47: =IF(A47<>"", 120,"") | I47: =IF(A47<>"",Interclubs2023!G23,"") | J47: =IF(A47<>"",VLOOKUP(A47,Licenciés!A:G,7,FALSE),"")
A48: =IF(Interclubs2023!I24<>"",Interclubs2023!H24,"") | B48: =IF(A48<>"",LEFT(VLOOKUP(A48,Licenciés!A:F,2,FALSE),20),"") | C48: =IF(A48<>"",LEFT(VLOOKUP(A48,Licenciés!A:F,3,FALSE),15),"") | D48: =IF(A48<>"",VLOOKUP(A48,Licenciés!A:F,5,FALSE),"") | E48: =IF(A48<>"",VLOOKUP(A48,Licenciés!A:F,6,FALSE),"") | F48: =IF(A48<>"", 120,"") | I48: =IF(A48<>"",Interclubs2023!G24,"") | J48: =IF(A48<>"",VLOOKUP(A48,Licenciés!A:G,7,FALSE),"")
A49: =IF(Interclubs2023!I25<>"",Interclubs2023!H25,"") | B49: =IF(A49<>"",LEFT(VLOOKUP(A49,Licenciés!A:F,2,FALSE),20),"") | C49: =IF(A49<>"",LEFT(VLOOKUP(A49,Licenciés!A:F,3,FALSE),15),"") | D49: =IF(A49<>"",VLOOKUP(A49,Licenciés!A:F,5,FALSE),"") | E49: =IF(A49<>"",VLOOKUP(A49,Licenciés!A:F,6,FALSE),"") | F49: =IF(A49<>"", 140,"") | I49: =IF(A49<>"",Interclubs2023!G25,"") | J49: =IF(A49<>"",VLOOKUP(A49,Licenciés!A:G,7,FALSE),"")
A50: =IF(Interclubs2023!I26<>"",Interclubs2023!H26,"") | B50: =IF(A50<>"",LEFT(VLOOKUP(A50,Licenciés!A:F,2,FALSE),20),"") | C50: =IF(A50<>"",LEFT(VLOOKUP(A50,Licenciés!A:F,3,FALSE),15),"") | D50: =IF(A50<>"",VLOOKUP(A50,Licenciés!A:F,5,FALSE),"") | E50: =IF(A50<>"",VLOOKUP(A50,Licenciés!A:F,6,FALSE),"") | F50: =IF(A50<>"", 140,"") | I50: =IF(A50<>"",Interclubs2023!G26,"") | J50: =IF(A50<>"",VLOOKUP(A50,Licenciés!A:G,7,FALSE),"")
A51: =IF(Interclubs2023!I27<>"",Interclubs2023!H27,"") | B51: =IF(A51<>"",LEFT(VLOOKUP(A51,Licenciés!A:F,2,FALSE),20),"") | C51: =IF(A51<>"",LEFT(VLOOKUP(A51,Licenciés!A:F,3,FALSE),15),"") | D51: =IF(A51<>"",VLOOKUP(A51,Licenciés!A:F,5,FALSE),"") | E51: =IF(A51<>"",VLOOKUP(A51,Licenciés!A:F,6,FALSE),"") | F51: =IF(A51<>"", 208,"") | I51: =IF(A51<>"",Interclubs2023!G27,"") | J51: =IF(A51<>"",VLOOKUP(A51,Licenciés!A:G,7,FALSE),"")
A52: =IF(Interclubs2023!I28<>"",Interclubs2023!H28,"") | B52: =IF(A52<>"",LEFT(VLOOKUP(A52,Licenciés!A:F,2,FALSE),20),"") | C52: =IF(A52<>"",LEFT(VLOOKUP(A52,Licenciés!A:F,3,FALSE),15),"") | D52: =IF(A52<>"",VLOOKUP(A52,Licenciés!A:F,5,FALSE),"") | E52: =IF(A52<>"",VLOOKUP(A52,Licenciés!A:F,6,FALSE),"") | F52: =IF(A52<>"", 208,"") | I52: =IF(A52<>"",Interclubs2023!G28,"") | J52: =IF(A52<>"",VLOOKUP(A52,Licenciés!A:G,7,FALSE),"")
A53: =IF(Interclubs2023!I29<>"",Interclubs2023!H29,"") | B53: =IF(A53<>"",LEFT(VLOOKUP(A53,Licenciés!A:F,2,FALSE),20),"") | C53: =IF(A53<>"",LEFT(VLOOKUP(A53,Licenciés!A:F,3,FALSE),15),"") | D53: =IF(A53<>"",VLOOKUP(A53,Licenciés!A:F,5,FALSE),"") | E53: =IF(A53<>"",VLOOKUP(A53,Licenciés!A:F,6,FALSE),"") | F53: =IF(A53<>"", 215,"") | I53: =IF(A53<>"",Interclubs2023!G29,"") | J53: =IF(A53<>"",VLOOKUP(A53,Licenciés!A:G,7,FALSE),"")
A54: =IF(Interclubs2023!I30<>"",Interclubs2023!H30,"") | B54: =IF(A54<>"",LEFT(VLOOKUP(A54,Licenciés!A:F,2,FALSE),20),"") | C54: =IF(A54<>"",LEFT(VLOOKUP(A54,Licenciés!A:F,3,FALSE),15),"") | D54: =IF(A54<>"",VLOOKUP(A54,Licenciés!A:F,5,FALSE),"") | E54: =IF(A54<>"",VLOOKUP(A54,Licenciés!A:F,6,FALSE),"") | F54: =IF(A54<>"", 215,"") | I54: =IF(A54<>"",Interclubs2023!G30,"") | J54: =IF(A54<>"",VLOOKUP(A54,Licenciés!A:G,7,FALSE),"")
A55: =IF(Interclubs2023!I31<>"",Interclubs2023!H31,"") | B55: =IF(A55<>"",LEFT(VLOOKUP(A55,Licenciés!A:F,2,FALSE),20),"") | C55: =IF(A55<>"",LEFT(VLOOKUP(A55,Licenciés!A:F,3,FALSE),15),"") | D55: =IF(A55<>"",VLOOKUP(A55,Licenciés!A:F,5,FALSE),"") | E55: =IF(A55<>"",VLOOKUP(A55,Licenciés!A:F,6,FALSE),"") | F55: =IF(A55<>"", 230,"") | I55: =IF(A55<>"",Interclubs2023!G31,"") | J55: =IF(A55<>"",VLOOKUP(A55,Licenciés!A:G,7,FALSE),"")
A56: =IF(Interclubs2023!I32<>"",Interclubs2023!H32,"") | B56: =IF(A56<>"",LEFT(VLOOKUP(A56,Licenciés!A:F,2,FALSE),20),"") | C56: =IF(A56<>"",LEFT(VLOOKUP(A56,Licenciés!A:F,3,FALSE),15),"") | D56: =IF(A56<>"",VLOOKUP(A56,Licenciés!A:F,5,FALSE),"") | E56: =IF(A56<>"",VLOOKUP(A56,Licenciés!A:F,6,FALSE),"") | F56: =IF(A56<>"", 230,"") | I56: =IF(A56<>"",Interclubs2023!G32,"") | J56: =IF(A56<>"",VLOOKUP(A56,Licenciés!A:G,7,FALSE),"")
A57: =IF(Interclubs2023!I33<>"",Interclubs2023!H33,"") | B57: =IF(A57<>"",LEFT(VLOOKUP(A57,Licenciés!A:F,2,FALSE),20),"") | C57: =IF(A57<>"",LEFT(VLOOKUP(A57,Licenciés!A:F,3,FALSE),15),"") | D57: =IF(A57<>"",VLOOKUP(A57,Licenciés!A:F,5,FALSE),"") | E57: =IF(A57<>"",VLOOKUP(A57,Licenciés!A:F,6,FALSE),"") | F57: =IF(A57<>"", 313,"") | I57: =IF(A57<>"",Interclubs2023!G33,"") | J57: =IF(A57<>"",VLOOKUP(A57,Licenciés!A:G,7,FALSE),"")
A58: =IF(Interclubs2023!I34<>"",Interclubs2023!H34,"") | B58: =IF(A58<>"",LEFT(VLOOKUP(A58,Licenciés!A:F,2,FALSE),20),"") | C58: =IF(A58<>"",LEFT(VLOOKUP(A58,Licenciés!A:F,3,FALSE),15),"") | D58: =IF(A58<>"",VLOOKUP(A58,Licenciés!A:F,5,FALSE),"") | E58: =IF(A58<>"",VLOOKUP(A58,Licenciés!A:F,6,FALSE),"") | F58: =IF(A58<>"", 313,"") | I58: =IF(A58<>"",Interclubs2023!G34,"") | J58: =IF(A58<>"",VLOOKUP(A58,Licenciés!A:G,7,FALSE),"")
A59: =IF(Interclubs2023!I35<>"",Interclubs2023!H35,"") | B59: =IF(A59<>"",LEFT(VLOOKUP(A59,Licenciés!A:F,2,FALSE),20),"") | C59: =IF(A59<>"",LEFT(VLOOKUP(A59,Licenciés!A:F,3,FALSE),15),"") | D59: =IF(A59<>"",VLOOKUP(A59,Licenciés!A:F,5,FALSE),"") | E59: =IF(A59<>"",VLOOKUP(A59,Licenciés!A:F,6,FALSE),"") | F59: =IF(A59<>"", 342,"") | I59: =IF(A59<>"",Interclubs2023!G35,"") | J59: =IF(A59<>"",VLOOKUP(A59,Licenciés!A:G,7,FALSE),"")
A60: =IF(Interclubs2023!I36<>"",Interclubs2023!H36,"") | B60: =IF(A60<>"",LEFT(VLOOKUP(A60,Licenciés!A:F,2,FALSE),20),"") | C60: =IF(A60<>"",LEFT(VLOOKUP(A60,Licenciés!A:F,3,FALSE),15),"") | D60: =IF(A60<>"",VLOOKUP(A60,Licenciés!A:F,5,FALSE),"") | E60: =IF(A60<>"",VLOOKUP(A60,Licenciés!A:F,6,FALSE),"") | F60: =IF(A60<>"", 342,"") | I60: =IF(A60<>"",Interclubs2023!G36,"") | J60: =IF(A60<>"",VLOOKUP(A60,Licenciés!A:G,7,FALSE),"")
A61: =IF(Interclubs2023!I37<>"",Interclubs2023!H37,"") | B61: =IF(A61<>"",LEFT(VLOOKUP(A61,Licenciés!A:F,2,FALSE),20),"") | C61: =IF(A61<>"",LEFT(VLOOKUP(A61,Licenciés!A:F,3,FALSE),15),"") | D61: =IF(A61<>"",VLOOKUP(A61,Licenciés!A:F,5,FALSE),"") | E61: =IF(A61<>"",VLOOKUP(A61,Licenciés!A:F,6,FALSE),"") | F61: =IF(A61<>"", 905,"") | I61: =IF(A61<>"",Interclubs2023!G37,"") | J61: =IF(A61<>"",VLOOKUP(A61,Licenciés!A:G,7,FALSE),"")
A62: =IF(Interclubs2023!I38<>"",Interclubs2023!H38,"") | B62: =IF(A62<>"",LEFT(VLOOKUP(A62,Licenciés!A:F,2,FALSE),20),"") | C62: =IF(A62<>"",LEFT(VLOOKUP(A62,Licenciés!A:F,3,FALSE),15),"") | D62: =IF(A62<>"",VLOOKUP(A62,Licenciés!A:F,5,FALSE),"") | E62: =IF(A62<>"",VLOOKUP(A62,Licenciés!A:F,6,FALSE),"") | F62: =IF(A62<>"", 905,"") | I62: =IF(A62<>"",Interclubs2023!G38,"") | J62: =IF(A62<>"",VLOOKUP(A62,Licenciés!A:G,7,FALSE),"")
A63: =IF(Interclubs2023!I39<>"",Interclubs2023!H39,"") | B63: =IF(A63<>"",LEFT(VLOOKUP(A63,Licenciés!A:F,2,FALSE),20),"") | C63: =IF(A63<>"",LEFT(VLOOKUP(A63,Licenciés!A:F,3,FALSE),15),"") | D63: =IF(A63<>"",VLOOKUP(A63,Licenciés!A:F,5,FALSE),"") | E63: =IF(A63<>"",VLOOKUP(A63,Licenciés!A:F,6,FALSE),"") | F63: =IF(A63<>"", 430,"") | I63: =IF(A63<>"",Interclubs2023!G39,"") | J63: =IF(A63<>"",VLOOKUP(A63,Licenciés!A:G,7,FALSE),"")
A64: =IF(Interclubs2023!I40<>"",Interclubs2023!H40,"") | B64: =IF(A64<>"",LEFT(VLOOKUP(A64,Licenciés!A:F,2,FALSE),20),"") | C64: =IF(A64<>"",LEFT(VLOOKUP(A64,Licenciés!A:F,3,FALSE),15),"") | D64: =IF(A64<>"",VLOOKUP(A64,Licenciés!A:F,5,FALSE),"") | E64: =IF(A64<>"",VLOOKUP(A64,Licenciés!A:F,6,FALSE),"") | F64: =IF(A64<>"", 430,"") | I64: =IF(A64<>"",Interclubs2023!G40,"") | J64: =IF(A64<>"",VLOOKUP(A64,Licenciés!A:G,7,FALSE),"")
A65: =IF(Interclubs2023!I41<>"",Interclubs2023!H41,"") | B65: =IF(A65<>"",LEFT(VLOOKUP(A65,Licenciés!A:F,2,FALSE),20),"") | C65: =IF(A65<>"",LEFT(VLOOKUP(A65,Licenciés!A:F,3,FALSE),15),"") | D65: =IF(A65<>"",VLOOKUP(A65,Licenciés!A:F,5,FALSE),"") | E65: =IF(A65<>"",VLOOKUP(A65,Licenciés!A:F,6,FALSE),"") | F65: =IF(A65<>"", 501,"") | I65: =IF(A65<>"",Interclubs2023!G41,"") | J65: =IF(A65<>"",VLOOKUP(A65,Licenciés!A:G,7,FALSE),"")
A66: =IF(Interclubs2023!I42<>"",Interclubs2023!H42,"") | B66: =IF(A66<>"",LEFT(VLOOKUP(A66,Licenciés!A:F,2,FALSE),20),"") | C66: =IF(A66<>"",LEFT(VLOOKUP(A66,Licenciés!A:F,3,FALSE),15),"") | D66: =IF(A66<>"",VLOOKUP(A66,Licenciés!A:F,5,FALSE),"") | E66: =IF(A66<>"",VLOOKUP(A66,Licenciés!A:F,6,FALSE),"") | F66: =IF(A66<>"", 501,"") | I66: =IF(A66<>"",Interclubs2023!G42,"") | J66: =IF(A66<>"",VLOOKUP(A66,Licenciés!A:G,7,FALSE),"")
A67: =IF(Interclubs2023!I43<>"",Interclubs2023!H43,"") | B67: =IF(A67<>"",LEFT(VLOOKUP(A67,Licenciés!A:F,2,FALSE),20),"") | C67: =IF(A67<>"",LEFT(VLOOKUP(A67,Licenciés!A:F,3,FALSE),15),"") | D67: =IF(A67<>"",VLOOKUP(A67,Licenciés!A:F,5,FALSE),"") | E67: =IF(A67<>"",VLOOKUP(A67,Licenciés!A:F,6,FALSE),"") | F67: =IF(A67<>"", 502,"") | I67: =IF(A67<>"",Interclubs2023!G43,"") | J67: =IF(A67<>"",VLOOKUP(A67,Licenciés!A:G,7,FALSE),"")
A68: =IF(Interclubs2023!I44<>"",Interclubs2023!H44,"") | B68: =IF(A68<>"",LEFT(VLOOKUP(A68,Licenciés!A:F,2,FALSE),20),"") | C68: =IF(A68<>"",LEFT(VLOOKUP(A68,Licenciés!A:F,3,FALSE),15),"") | D68: =IF(A68<>"",VLOOKUP(A68,Licenciés!A:F,5,FALSE),"") | E68: =IF(A68<>"",VLOOKUP(A68,Licenciés!A:F,6,FALSE),"") | F68: =IF(A68<>"", 502,"") | I68: =IF(A68<>"",Interclubs2023!G44,"") | J68: =IF(A68<>"",VLOOKUP(A68,Licenciés!A:G,7,FALSE),"")
A69: =IF(Interclubs2023!I45<>"",Interclubs2023!H45,"") | B69: =IF(A69<>"",LEFT(VLOOKUP(A69,Licenciés!A:F,2,FALSE),20),"") | C69: =IF(A69<>"",LEFT(VLOOKUP(A69,Licenciés!A:F,3,FALSE),15),"") | D69: =IF(A69<>"",VLOOKUP(A69,Licenciés!A:F,5,FALSE),"") | E69: =IF(A69<>"",VLOOKUP(A69,Licenciés!A:F,6,FALSE),"") | F69: =IF(A69<>"", 503,"") | I69: =IF(A69<>"",Interclubs2023!G45,"") | J69: =IF(A69<>"",VLOOKUP(A69,Licenciés!A:G,7,FALSE),"")
A70: =IF(Interclubs2023!I46<>"",Interclubs2023!H46,"") | B70: =IF(A70<>"",LEFT(VLOOKUP(A70,Licenciés!A:F,2,FALSE),20),"") | C70: =IF(A70<>"",LEFT(VLOOKUP(A70,Licenciés!A:F,3,FALSE),15),"") | D70: =IF(A70<>"",VLOOKUP(A70,Licenciés!A:F,5,FALSE),"") | E70: =IF(A70<>"",VLOOKUP(A70,Licenciés!A:F,6,FALSE),"") | F70: =IF(A70<>"", 503,"") | I70: =IF(A70<>"",Interclubs2023!G46,"") | J70: =IF(A70<>"",VLOOKUP(A70,Licenciés!A:G,7,FALSE),"")
A71: =IF(Interclubs2023!I47<>"",Interclubs2023!H47,"") | B71: =IF(A71<>"",LEFT(VLOOKUP(A71,Licenciés!A:F,2,FALSE),20),"") | C71: =IF(A71<>"",LEFT(VLOOKUP(A71,Licenciés!A:F,3,FALSE),15),"") | D71: =IF(A71<>"",VLOOKUP(A71,Licenciés!A:F,5,FALSE),"") | E71: =IF(A71<>"",VLOOKUP(A71,Licenciés!A:F,6,FALSE),"") | F71: =IF(A71<>"", 504,"") | I71: =IF(A71<>"",Interclubs2023!G47,"") | J71: =IF(A71<>"",VLOOKUP(A71,Licenciés!A:G,7,FALSE),"")
A72: =IF(Interclubs2023!I48<>"",Interclubs2023!H48,"") | B72: =IF(A72<>"",LEFT(VLOOKUP(A72,Licenciés!A:F,2,FALSE),20),"") | C72: =IF(A72<>"",LEFT(VLOOKUP(A72,Licenciés!A:F,3,FALSE),15),"") | D72: =IF(A72<>"",VLOOKUP(A72,Licenciés!A:F,5,FALSE),"") | E72: =IF(A72<>"",VLOOKUP(A72,Licenciés!A:F,6,FALSE),"") | F72: =IF(A72<>"", 504,"") | I72: =IF(A72<>"",Interclubs2023!G48,"") | J72: =IF(A72<>"",VLOOKUP(A72,Licenciés!A:G,7,FALSE),"")
A73: =IF(Interclubs2023!I49<>"",Interclubs2023!H49,"") | B73: =IF(A73<>"",LEFT(VLOOKUP(A73,Licenciés!A:F,2,FALSE),20),"") | C73: =IF(A73<>"",LEFT(VLOOKUP(A73,Licenciés!A:F,3,FALSE),15),"") | D73: =IF(A73<>"",VLOOKUP(A73,Licenciés!A:F,5,FALSE),"") | E73: =IF(A73<>"",VLOOKUP(A73,Licenciés!A:F,6,FALSE),"") | F73: =IF(A73<>"", 607,"") | I73: =IF(A73<>"",Interclubs2023!G49,"") | J73: =IF(A73<>"",VLOOKUP(A73,Licenciés!A:G,7,FALSE),"")
A74: =IF(Interclubs2023!I50<>"",Interclubs2023!H50,"") | B74: =IF(A74<>"",LEFT(VLOOKUP(A74,Licenciés!A:F,2,FALSE),20),"") | C74: =IF(A74<>"",LEFT(VLOOKUP(A74,Licenciés!A:F,3,FALSE),15),"") | D74: =IF(A74<>"",VLOOKUP(A74,Licenciés!A:F,5,FALSE),"") | E74: =IF(A74<>"",VLOOKUP(A74,Licenciés!A:F,6,FALSE),"") | F74: =IF(A74<>"", 607,"") | I74: =IF(A74<>"",Interclubs2023!G50,"") | J74: =IF(A74<>"",VLOOKUP(A74,Licenciés!A:G,7,FALSE),"")
A75: =IF(Interclubs2023!I51<>"",Interclubs2023!H51,"") | B75: =IF(A75<>"",LEFT(VLOOKUP(A75,Licenciés!A:F,2,FALSE),20),"") | C75: =IF(A75<>"",LEFT(VLOOKUP(A75,Licenciés!A:F,3,FALSE),15),"") | D75: =IF(A75<>"",VLOOKUP(A75,Licenciés!A:F,5,FALSE),"") | E75: =IF(A75<>"",VLOOKUP(A75,Licenciés!A:F,6,FALSE),"") | F75: =IF(A75<>"", 620,"") | I75: =IF(A75<>"",Interclubs2023!G51,"") | J75: =IF(A75<>"",VLOOKUP(A75,Licenciés!A:G,7,FALSE),"")
A76: =IF(Interclubs2023!I52<>"",Interclubs2023!H52,"") | B76: =IF(A76<>"",LEFT(VLOOKUP(A76,Licenciés!A:F,2,FALSE),20),"") | C76: =IF(A76<>"",LEFT(VLOOKUP(A76,Licenciés!A:F,3,FALSE),15),"") | D76: =IF(A76<>"",VLOOKUP(A76,Licenciés!A:F,5,FALSE),"") | E76: =IF(A76<>"",VLOOKUP(A76,Licenciés!A:F,6,FALSE),"") | F76: =IF(A76<>"", 620,"") | I76: =IF(A76<>"",Interclubs2023!G52,"") | J76: =IF(A76<>"",VLOOKUP(A76,Licenciés!A:G,7,FALSE),"")
A77: =IF(Interclubs2023!I53<>"",Interclubs2023!H53,"") | B77: =IF(A77<>"",LEFT(VLOOKUP(A77,Licenciés!A:F,2,FALSE),20),"") | C77: =IF(A77<>"",LEFT(VLOOKUP(A77,Licenciés!A:F,3,FALSE),15),"") | D77: =IF(A77<>"",VLOOKUP(A77,Licenciés!A:F,5,FALSE),"") | E77: =IF(A77<>"",VLOOKUP(A77,Licenciés!A:F,6,FALSE),"") | F77: =IF(A77<>"", 637,"") | I77: =IF(A77<>"",Interclubs2023!G53,"") | J77: =IF(A77<>"",VLOOKUP(A77,Licenciés!A:G,7,FALSE),"")
A78: =IF(Interclubs2023!I54<>"",Interclubs2023!H54,"") | B78: =IF(A78<>"",LEFT(VLOOKUP(A78,Licenciés!A:F,2,FALSE),20),"") | C78: =IF(A78<>"",LEFT(VLOOKUP(A78,Licenciés!A:F,3,FALSE),15),"") | D78: =IF(A78<>"",VLOOKUP(A78,Licenciés!A:F,5,FALSE),"") | E78: =IF(A78<>"",VLOOKUP(A78,Licenciés!A:F,6,FALSE),"") | F78: =IF(A78<>"", 637,"") | I78: =IF(A78<>"",Interclubs2023!G54,"") | J78: =IF(A78<>"",VLOOKUP(A78,Licenciés!A:G,7,FALSE),"")
A79: =IF(Interclubs2023!I55<>"",Interclubs2023!H55,"") | B79: =IF(A79<>"",LEFT(VLOOKUP(A79,Licenciés!A:F,2,FALSE),20),"") | C79: =IF(A79<>"",LEFT(VLOOKUP(A79,Licenciés!A:F,3,FALSE),15),"") | D79: =IF(A79<>"",VLOOKUP(A79,Licenciés!A:F,5,FALSE),"") | E79: =IF(A79<>"",VLOOKUP(A79,Licenciés!A:F,6,FALSE),"") | F79: =IF(A79<>"", 681,"") | I79: =IF(A79<>"",Interclubs2023!G55,"") | J79: =IF(A79<>"",VLOOKUP(A79,Licenciés!A:G,7,FALSE),"")
A80: =IF(Interclubs2023!I56<>"",Interclubs2023!H56,"") | B80: =IF(A80<>"",LEFT(VLOOKUP(A80,Licenciés!A:F,2,FALSE),20),"") | C80: =IF(A80<>"",LEFT(VLOOKUP(A80,Licenciés!A:F,3,FALSE),15),"") | D80: =IF(A80<>"",VLOOKUP(A80,Licenciés!A:F,5,FALSE),"") | E80: =IF(A80<>"",VLOOKUP(A80,Licenciés!A:F,6,FALSE),"") | F80: =IF(A80<>"", 681,"") | I80: =IF(A80<>"",Interclubs2023!G56,"") | J80: =IF(A80<>"",VLOOKUP(A80,Licenciés!A:G,7,FALSE),"")
A81: =IF(Interclubs2023!I57<>"",Interclubs2023!H57,"") | B81: =IF(A81<>"",LEFT(VLOOKUP(A81,Licenciés!A:F,2,FALSE),20),"") | C81: =IF(A81<>"",LEFT(VLOOKUP(A81,Licenciés!A:F,3,FALSE),15),"") | D81: =IF(A81<>"",VLOOKUP(A81,Licenciés!A:F,5,FALSE),"") | E81: =IF(A81<>"",VLOOKUP(A81,Licenciés!A:F,6,FALSE),"") | F81: =IF(A81<>"", 810,"") | J81: =IF(A81<>"",VLOOKUP(A81,Licenciés!A:G,7,FALSE),"") | L81: =IF(A81<>"","Re","") | M81: =IF(A81<>"",CONCATENATE(Interclubs2023!$H$4," ",Interclubs2023!$F$6),"") | N81: =IF(A81<>"",Interclubs2023!G57,"") | O81: =IF(A81<>"","SE","") | P81: =IF(A81<>"","M","")
A82: =IF(Interclubs2023!I58<>"",Interclubs2023!H58,"") | B82: =IF(A82<>"",LEFT(VLOOKUP(A82,Licenciés!A:F,2,FALSE),20),"") | C82: =IF(A82<>"",LEFT(VLOOKUP(A82,Licenciés!A:F,3,FALSE),15),"") | D82: =IF(A82<>"",VLOOKUP(A82,Licenciés!A:F,5,FALSE),"") | E82: =IF(A82<>"",VLOOKUP(A82,Licenciés!A:F,6,FALSE),"") | F82: =IF(A82<>"", 810,"") | J82: =IF(A82<>"",VLOOKUP(A82,Licenciés!A:G,7,FALSE),"") | L82: =IF(A82<>"","Re","") | M82: =IF(A82<>"",CONCATENATE(Interclubs2023!$H$4," ",Interclubs2023!$F$6),"") | N82: =IF(A82<>"",Interclubs2023!G58,"") | O82: =IF(A82<>"","SE","") | P82: =IF(A82<>"","M","")
A83: =IF(Interclubs2023!I59<>"",Interclubs2023!H59,"") | B83: =IF(A83<>"",LEFT(VLOOKUP(A83,Licenciés!A:F,2,FALSE),20),"") | C83: =IF(A83<>"",LEFT(VLOOKUP(A83,Licenciés!A:F,3,FALSE),15),"") | D83: =IF(A83<>"",VLOOKUP(A83,Licenciés!A:F,5,FALSE),"") | E83: =IF(A83<>"",VLOOKUP(A83,Licenciés!A:F,6,FALSE),"") | F83: =IF(A83<>"", 810,"") | J83: =IF(A83<>"",VLOOKUP(A83,Licenciés!A:G,7,FALSE),"") | L83: =IF(A83<>"","Re","") | M83: =IF(A83<>"",CONCATENATE(Interclubs2023!$H$4," ",Interclubs2023!$F$6),"") | N83: =IF(A83<>"",Interclubs2023!G59,"") | O83: =IF(A83<>"","SE","") | P83: =IF(A83<>"","M","")
A84: =IF(Interclubs2023!I60<>"",Interclubs2023!H60,"") | B84: =IF(A84<>"",LEFT(VLOOKUP(A84,Licenciés!A:F,2,FALSE),20),"") | C84: =IF(A84<>"",LEFT(VLOOKUP(A84,Licenciés!A:F,3,FALSE),15),"") | D84: =IF(A84<>"",VLOOKUP(A84,Licenciés!A:F,5,FALSE),"") | E84: =IF(A84<>"",VLOOKUP(A84,Licenciés!A:F,6,FALSE),"") | F84: =IF(A84<>"", 810,"") | J84: =IF(A84<>"",VLOOKUP(A84,Licenciés!A:G,7,FALSE),"") | L84: =IF(A84<>"","Re","") | M84: =IF(A84<>"",CONCATENATE(Interclubs2023!$H$4," ",Interclubs2023!$F$6),"") | N84: =IF(A84<>"",Interclubs2023!G60,"") | O84: =IF(A84<>"","SE","") | P84: =IF(A84<>"","M","")
A85: =IF(Interclubs2023!I61<>"",Interclubs2023!H61,"") | B85: =IF(A85<>"",LEFT(VLOOKUP(A85,Licenciés!A:F,2,FALSE),20),"") | C85: =IF(A85<>"",LEFT(VLOOKUP(A85,Licenciés!A:F,3,FALSE),15),"") | D85: =IF(A85<>"",VLOOKUP(A85,Licenciés!A:F,5,FALSE),"") | E85: =IF(A85<>"",VLOOKUP(A85,Licenciés!A:F,6,FALSE),"") | F85: =IF(A85<>"", 840,"") | J85: =IF(A85<>"",VLOOKUP(A85,Licenciés!A:G,7,FALSE),"") | L85: =IF(A85<>"","Re","") | M85: =IF(A85<>"",CONCATENATE(Interclubs2023!$H$4," ",Interclubs2023!$F$6),"") | N85: =IF(A85<>"",Interclubs2023!G61,"") | O85: =IF(A85<>"","SE","") | P85: =IF(A85<>"","M","")
A86: =IF(Interclubs2023!I62<>"",Interclubs2023!H62,"") | B86: =IF(A86<>"",LEFT(VLOOKUP(A86,Licenciés!A:F,2,FALSE),20),"") | C86: =IF(A86<>"",LEFT(VLOOKUP(A86,Licenciés!A:F,3,FALSE),15),"") | D86: =IF(A86<>"",VLOOKUP(A86,Licenciés!A:F,5,FALSE),"") | E86: =IF(A86<>"",VLOOKUP(A86,Licenciés!A:F,6,FALSE),"") | F86: =IF(A86<>"", 840,"") | J86: =IF(A86<>"",VLOOKUP(A86,Licenciés!A:G,7,FALSE),"") | L86: =IF(A86<>"","Re","") | M86: =IF(A86<>"",CONCATENATE(Interclubs2023!$H$4," ",Interclubs2023!$F$6),"") | N86: =IF(A86<>"",Interclubs2023!G62,"") | O86: =IF(A86<>"","SE","") | P86: =IF(A86<>"","M","")
A87: =IF(Interclubs2023!I63<>"",Interclubs2023!H63,"") | B87: =IF(A87<>"",LEFT(VLOOKUP(A87,Licenciés!A:F,2,FALSE),20),"") | C87: =IF(A87<>"",LEFT(VLOOKUP(A87,Licenciés!A:F,3,FALSE),15),"") | D87: =IF(A87<>"",VLOOKUP(A87,Licenciés!A:F,5,FALSE),"") | E87: =IF(A87<>"",VLOOKUP(A87,Licenciés!A:F,6,FALSE),"") | F87: =IF(A87<>"", 840,"") | J87: =IF(A87<>"",VLOOKUP(A87,Licenciés!A:G,7,FALSE),"") | L87: =IF(A87<>"","Re","") | M87: =IF(A87<>"",CONCATENATE(Interclubs2023!$H$4," ",Interclubs2023!$F$6),"") | N87: =IF(A87<>"",Interclubs2023!G63,"") | O87: =IF(A87<>"","SE","") | P87: =IF(A87<>"","M","")
A88: =IF(Interclubs2023!I64<>"",Interclubs2023!H64,"") | B88: =IF(A88<>"",LEFT(VLOOKUP(A88,Licenciés!A:F,2,FALSE),20),"") | C88: =IF(A88<>"",LEFT(VLOOKUP(A88,Licenciés!A:F,3,FALSE),15),"") | D88: =IF(A88<>"",VLOOKUP(A88,Licenciés!A:F,5,FALSE),"") | E88: =IF(A88<>"",VLOOKUP(A88,Licenciés!A:F,6,FALSE),"") | F88: =IF(A88<>"", 840,"") | J88: =IF(A88<>"",VLOOKUP(A88,Licenciés!A:G,7,FALSE),"") | L88: =IF(A88<>"","Re","") | M88: =IF(A88<>"",CONCATENATE(Interclubs2023!$H$4," ",Interclubs2023!$F$6),"") | N88: =IF(A88<>"",Interclubs2023!G64,"") | O88: =IF(A88<>"","SE","") | P88: =IF(A88<>"","M","")

Sheet Jury
A1: Licence | B1: N° club | C1: N° ligue | D1: Nom | E1: Prenom | F1: Fonction | G1: Sous domaine | H1: Qualite | I1: Ordre édition fonction | J1: Ordre édition sous domaine | K1: Date jury
A2: nolicence | B2: noclub | C2: noligue | D2: nom | E2: prenom | F2: fonction | G2: sousdomaine | H2: qualite | I2: ordreeditfonction | J2: ordreeditsousdomaine | K2: datejury
A3: =IF(Interclubs2023!D11="","",Interclubs2023!C11) | B3: =IF(A3<>"",VLOOKUP(A3,Licenciés!A:G,7,FALSE),"") | C3: =IF(A3<>"","CEN","") | D3: =IF(A3<>"",Interclubs2023!D11,"") | E3: =IF(A3<>"",Interclubs2023!E11,"")
A4: =IF(Interclubs2023!D12="","",Interclubs2023!C12) | B4: =IF(A4<>"",VLOOKUP(A4,Licenciés!A:G,7,FALSE),"") | C4: =IF(A4<>"","CEN","") | D4: =IF(A4<>"",Interclubs2023!D12,"") | E4: =IF(A4<>"",Interclubs2023!E12,"")
A5: =IF(Interclubs2023!D13="","",Interclubs2023!C13) | B5: =IF(A5<>"",VLOOKUP(A5,Licenciés!A:G,7,FALSE),"") | C5: =IF(A5<>"","CEN","") | D5: =IF(A5<>"",Interclubs2023!D13,"") | E5: =IF(A5<>"",Interclubs2023!E13,"")
A6: =IF(Interclubs2023!D14="","",Interclubs2023!C14) | B6: =IF(A6<>"",VLOOKUP(A6,Licenciés!A:G,7,FALSE),"") | C6: =IF(A6<>"","CEN","") | D6: =IF(A6<>"",Interclubs2023!D14,"") | E6: =IF(A6<>"",Interclubs2023!E14,"")
A7: =IF(Interclubs2023!D15="","",Interclubs2023!C15) | B7: =IF(A7<>"",VLOOKUP(A7,Licenciés!A:G,7,FALSE),"") | C7: =IF(A7<>"","CEN","") | D7: =IF(A7<>"",Interclubs2023!D15,"") | E7: =IF(A7<>"",Interclubs2023!E15,"")
A8: =IF(Interclubs2023!D16="","",Interclubs2023!C16) | B8: =IF(A8<>"",VLOOKUP(A8,Licenciés!A:G,7,FALSE),"") | C8: =IF(A8<>"","CEN","") | D8: =IF(A8<>"",Interclubs2023!D16,"") | E8: =IF(A8<>"",Interclubs2023!E16,"")
A9: =IF(Interclubs2023!D17="","",Interclubs2023!C17) | B9: =IF(A9<>"",VLOOKUP(A9,Licenciés!A:G,7,FALSE),"") | C9: =IF(A9<>"","CEN","") | D9: =IF(A9<>"",Interclubs2023!D17,"") | E9: =IF(A9<>"",Interclubs2023!E17,"")
